Workbook
Name TABLA_DE_CONTENIDO__A1: 'GENERALIDADES '!$K$33

Sheet PORTADA
C1: MINISTERIO DE TRANSPORTE
A3: INSTITUTO NACIONAL DE VIAS
A4: SUBDIRECCION GESTIÓN INTEGRAL DE CARRETERAS NACIONALES
A14: INFORME TRIMESTRAL
A15: DEL ADMINISTRADOR VIAL GRUPO No.2
A16: VERSIÓN No.1 DE FECHA: 31/04/2025
A17: CONSORCIO ADMON 143
A18: TERRITORIAL RISARALDA
A22: CARRETERAS:
A23: 2507 CERRITOS - CAUYA PR37+0180 AL PR55+0430
A24: 25RSA PASO NACIONAL POR LA VIRGINIA PR0+0000 AL PR4+0455
A25: 2902 PEREIRA-CHINCHINA - PR0+0000 AL PR5+0800
A26: 29RSA SOLUCIÓN VIAL PEREIRA - DOSQUEBRADAS PR0+0000 AL PR5+0700
... A35: Dosquebradas, abril, 2025

Sheet TABLA DE CONTENIDO
A1: =+B8 -> 0
A2: INFORME TRIMESTRAL PERIODO ENERO - FEBRERO-MARZO de 2025
A3: ADMINISTRACION VIAL GRUPO 2 TERRITORIAL RISARALDA
A5: TABLA DE CONTENIDO
A7: ITEM | B7: DESCRIPCION
A9: Cuadro No. 1 | B9: Generalidades
A10: Cuadro No. 2 | B10: Cumplimiento indicadores de servicio de mantenimiento rutinario (M.R.)
A11: Cuadro No. 3 | B11: Relación estado de la red criterio de transitabilidad (visual)
A12: Gráfico No. 1 | B12: Estado de las vías criterio de transitabilidad - visual (Semáforo)
A13: Gráfico No. 2 | B13: Estado de las vías en Torta-CRITERIO DE TRANSITABILIDAD (VISUAL)
A14: Cuadro No. 4 | B14: Relación estado de la red CRITERIO TÉCNICO
A15: Gráfico No. 3 | B15: Estado de la red CRITERIO TÉCNICO
A16: Gráfico No. 4 | B16: Estado de la Red en Torta - CRITERIO TECNICO
A17: Mapa No. 1 | B17: Estado de la red y sitios críticos de inestabilidad
A18: Cuadro No. 5 | B18: Necesidades preventivas de las vías
A19: Cuadro No. 6 | B19: Necesidades críticas de las vías
... A41: Capacitación Trabajadores Servicio M.R. | B41: Capacitación Trabajadores Servicio de Mantenimiento Rutinario

Sheet GENERALIDADES 
B1: INSTITUTO NACIONAL DE VIAS
B2: DIRECCION TERRITORIAL RISARALDA
B4: CUADRO No. 1
B6: GENERALIDADES
B8: NOMBRE DEL (DE LOS) INGENIERO(S) RESIDENTE(S): | G8: JAEL DEL CARMEN MORIANO CORTES
B9: NOMBRE DEL INGENIERO AUXILIAR I: | G9: KELLY JOHANA CUERVO RAMIREZ
B10: NOMBRE DEL INGENIERO AUXILIAR II:
B11: SECTOR ADMINISTRADO: | G11: Territorial Risaralda Grupo 2
B12: DIRECCION OFICINA: | G12: Calle 13 bis #38-48, Barrio Guadalupe, Dosquebradas.
B13: TELEFONO OFICINA :
B14: CELULARES: | J14: CORREO ELECTRONICO: | K14: CONSORCIOADMON143@GMAIL.COM
B15: Ingeniero(s) Residente(s): | C15: 3132291972
B16: Ingeniero Auxiliar I: | C16: 3132298290
B17: Ingeniero Auxiliar II:
A20: 1 | B20: CARRETERAS A CARGO
B21: CARRETERA | C21: CODIGO | D21: LONGITUD (km) | G21: PRi | H21: PRf | I21: No. DE PUENTES | J21: MICROEMPRESA | K21: OBSERVACIONES
B22: SANTA CECILIA - ASIA | C22: 5003 | D22: =78.55-73.163 -> 5.387 | E22: =73.071-72 -> 1.071 | F22: =SUM(D22:E22) -> 6.458 | G22: 720000 | H22: 780550 | I22: 1 | J22: COMUNEROS
B23: CERRITOS - CAUYA | C23: 2507 | D23: 18.242 | F23: =+E23+D23 -> 18.242 | G23: 37+0180 | H23: 550541 | I23: 3 | J23: COMUNEROS | K23: Se realiza mantenimiento rutinario hasta el PR 55+450
B24: VARIANTE GALICIA | C24: 29RSB | D24: 1.72 | F24: =+E24+D24 -> 1.72 | G24: 0 | H24: 10710 | I24: 0 | J24: ALTAGRACIA
B25: PEREIRA CHINCHINÁ | C25: 2902 | D25: 5.8 | F25: =+E25+D25 -> 5.8 | G25: 0 | H25: 50800 | I25: 1 | J25: ALTAGRACIA | K25: A partir del PR0+0986 es vía de doble calzada
B26: SOLUCIÓN VIAL PEREIRA - DOSQUEBRADAS | C26: 29RSA | D26: 5.7 | F26: =+E26+D26 -> 5.7 | G26: 0 | H26: 5+0700 | I26: 1 | J26: ALTAGRACIA | K26: Puente de 600 m de luz, con puentes y vías de acceso.
B27: APIA - LA VIRGINIA | C27: 50RS01 | D27: =30.29-13 -> 17.29 | F27: =SUM(D27:E27) -> 17.29 | G27: 130000 | H27: 30+0290 | I27: 2 | J27: CENTRO | K27: El sector comprendido del PR31+0639 al PR32+0448 es doble calzada
B28: APIA - LA VIRGINIA | D28: =32.443-30.63-0.033 -> 1.78 | F28: =SUM(D28:E28) -> 1.78 | G28: 30+0630 | H28: 32+0443 | I28: 2 | J28: CENTRO
B29: PASO NAL. POR LA VIRGINIA | C29: 25RSA | D29: 4.437 | F29: =+E29+D29 -> 4.437 | G29: 0 | H29: 40455 | I29: 0 | J29: CENTRO
B30: TOTALES | D30: =SUM(D22:D29) -> 60.356 | E30: =SUM(E22:E29) -> 1.071 | F30: =SUM(F22:F29) -> 61.427
C31: P: Pavimento | F31: A: Afirmado | I31: T. Total
K33: VOLVER A TABLA DE CONTENIDO
B35: NOTA: CUALQUIER CAMBIO DE DIRECCION, CORREO ELECTRONICO O TELEFONO SE DEBE INFORMAR

Sheet CUMPLIMIENTO % 
A1: INSTITUTO NACIONAL DE VIAS
A2: DIRECCION TERRITORIAL RISARALDA
A3: CUADRO No. 2
A5: CUMPLIMIENTO INDICADORES DE SERVICIO DE MANTENIMIENTO RUTINARIO (M.R.)
A7: INGENIERO(S) RESIDENTE(S): | C7: JAEL DEL CARMEN MORIANO CORTES | I7: FECHA:31/4/2025
A9: CONTRATISTA DE M.R. | C9: CONTRATISTA DE SERVICIO DE M.R. | E9: CONTRATISTA DE SERVICIO DE M.R. | G9: CONTRATISTA DE SERVICIO DE M.R. | I9: CONTRATISTA DE SERVICIO DE M.R.
C10: CENTRO | E10: ALTAGRACIA | G10: COMUNEROS | I10: 4*
A11: INDICADOR | C11: % | E11: % | G11: % | I11: %
A12: ROCERIA Y DESMONTE MANUAL | C12: 100 | E12: 100 | G12: 100
A13: LIMPIEZA MANUAL CUNETAS | C13: 90 | E13: 100 | G13: 100
A14: LIMPIEZA ENCOLES Y DESCOLES | C14: 100 | E14: 100 | G14: 100
A15: LIMPIEZA OBRAS DE ARTE | C15: 100 | E15: 100 | G15: 100
A16: MANTENIMIENTO PUENTES | C16: 90 | E16: 100 | G16: 100
A17: LIMPIEZA SEÑALES Y MOJONES | C17: 100 | E17: 100 | G17: 100
A18: DESPEJE DE DERRUMBES | C18: 100 | G18: 100
A19: PINTURA, RENOVACIÓN DE INDICACIONES EN LAS SEÑALES DE Pr
A20: BACHEO CARRETERA PAV. | C20: 100 | E20: 100 | G20: 100
A21: PARCHEO CARRETERA PAV. | E21: 100 | G21: 100
A22: LIMPIEZA DE LA CALZADA | C22: 100 | E22: 100 | G22: 100
A23: ARBORIZACION (SIEMBRA)
A24: PODA, CORTE Y RETIRO DE ARBOLES | C24: 100 | E24: 100 | G24: 100
A25: ATENCION DE EMERGENCIAS | C25: 100 | E25: 100 | G25: 100
A28: OBSERVACIONES : | C28: BUENO | E28: REGULAR | G28: MALO | I28: NO HUBO
A30: * Indicar nombre de cada contratista de Mantenimiento Rutinario (M.R.) al que se le aplica el indicador. Resolución N°
A31: En caso de no cumplir totalmente con el indicador, informar la razón.
A32: Indicar el Porcentaje de cumplimiento mensual para cada CONTRATISTA DE SERVICIO DE MANTENIMIENTO RUTINARIO | G32: VOLVER A TABLA DE CONTENIDO

Sheet ESTADO RED VIS
A1: INSTITUTO NACIONAL DE VIAS
A2: DIRECCION TERRITORIAL RISARALDA
A4: CUADRO No 3
A6: RELACION ESTADO DE LA RED CRITERIO DE TRANSITABILIDAD (VISUAL)
A8: INGENIERO(S) RESIDENTE(S): | C8: JAEL DEL CARMEN MORIANO CORTES | E8: TRIMESTRE EVALUADO: | G8: 3
A10: CODIGO VIA | B10: PR INICIAL | C10: PR FINAL | D10: CARRETERA | E10: Kms. | F10: TIPO DE | G10: ESTADO
F11: SUPERFICIE
A13: =+'GENERALIDADES '!C22 -> 5003 | B13: 78+550 | C13: 73+163 | D13: =+'GENERALIDADES '!B22 -> SANTA CECILIA - ASIA | E13: =+'GENERALIDADES '!D22 -> 5.387 | F13: P | G13: B
A15: =+'GENERALIDADES '!C22 -> 5003 | B15: =+C13 -> 73+163 | C15: 72+000 | D15: =+'GENERALIDADES '!B22 -> SANTA CECILIA - ASIA | E15: =+'GENERALIDADES '!E22 -> 1.071 | F15: A | G15: M
A17: =+'GENERALIDADES '!C23 -> 2507 | B17: 37+180 | C17: 55+541 | D17: =+'GENERALIDADES '!B23 -> CERRITOS - CAUYA | E17: =+'GENERALIDADES '!F23 -> 18.242 | F17: P | G17: M
A19: =+'GENERALIDADES '!C24 -> 29RSB | B19: 0+000 | C19: 1+710 | D19: =+'GENERALIDADES '!B24 -> VARIANTE GALICIA | E19: =+'GENERALIDADES '!F24 -> 1.72 | F19: P | G19: M
A21: 29RSA | B21: 0+000 | C21: 5+700 | D21: =+'GENERALIDADES '!B26 -> SOLUCIÓN VIAL PEREIRA - DOSQUEBRADAS | E21: =+'GENERALIDADES '!F26 -> 5.7 | F21: P | G21: R
A23: 2902 | B23: 0+000 | C23: 5+700 | D23: =+'GENERALIDADES '!B25 -> PEREIRA CHINCHINÁ | E23: =+'GENERALIDADES '!D25 -> 5.8 | F23: P | G23: R
A25: 50RS01 | B25: 13+000 | C25: 30+290 | D25: =+'GENERALIDADES '!B27 -> APIA - LA VIRGINIA | E25: =+'GENERALIDADES '!F27 -> 17.29 | F25: P | G25: B
A27: =+A25 -> 50RS01 | B27: 30+630 | C27: 32+0443 | D27: =+'GENERALIDADES '!B28 -> APIA - LA VIRGINIA | E27: =+'GENERALIDADES '!F28 -> 1.78 | F27: P | G27: R
A29: 25RS01 | B29: 0+000 | C29: 4+455 | D29: =+'GENERALIDADES '!B29 -> PASO NAL. POR LA VIRGINIA | E29: =+'GENERALIDADES '!F29 -> 4.437 | F29: P | G29: B
A33: Nota: La información contenida es un ejemplo sobre la forma de diligenciar este cuadro.Debe presentarse a color.
E36: CONVENCIONES | G36: NO CAMBIAR ESTOS TIPOS DE COLORES
E37: B | F37: BUENO
E38: R | F38: REGULAR
E39: M | F39: MALO
E41: VOLVER A TABLA DE CONTENIDO

Sheet SEMAFORO VIS
A1: INSTITUTO NACIONAL DE VIAS
A2: DIRECCION TERRITORIAL RISARALDA
A3: GRAFICO No. 1
A4: ESTADO DE LAS VIAS CRITERIO DE TRANSITABILIDAD (VISUAL)
A7: NOMBRE DE LA VIA: | B7: SANTA CECILIA - ASIA | L7: Codigo de la vía: | P7: 5003
A9: SECTOR | B9: 01 | L9: PR78+550 A PR73+163
B10: 02 | L10: PR73+163 A PR72+000
B11: 03 | L11: PR……… A PR……..
B12: 04 | L12: PR……… A PR……..
A13: INGENIERO RESIDENTE: | C13: JAEL DEL CARMEN MORIANO CORTES | L13: TRIMESTRE EVALUADO | R13: ENERO - FEBRERO - MARZO
A37: CODIGO | I37: SECTOR | P37: Longitud y Porcentaje
B38: 01 | I38: 02 | K38: 03 | M38: 04 | P38: sobre el total de la vía
A39: PR | P39: o del item
A40: ITEM | B40: 73+163 | C40: 74 | D40: 75 | E40: 76 | F40: 77 | G40: 78+550 | I40: 72 | J40: 73+163 | P40: B | R40: R | T40: M
P41: km | Q41: % | R41: km | S41: % | T41: km | U41: %
A42: Pavimento | Y42: =+P43+R45 -> 6.458
P43: 5.387 | Q43: =+P43/Y42 -> 0.83415918
A44: Afirmado
R45: 1.071 | S45: =+R45/Y42 -> 0.16584082
A46: Puentes (Son: 1 )
T47: 0.069 | U47: 1
A48: Cunetas
P49: =+P43 -> 5.387 | Q49: =+P49/Y42 -> 0.83415918 | R49: =+R45 -> 1.071 | S49: =+S45 -> 0.16584082
A50: Señalización Vertical
P51: =+P49 -> 5.387 | Q51: =+P51/Y42 -> 0.83415918 | T51: 1.071 | U51: =+T51/Y42 -> 0.16584082
A52: Señalización horizontal
R53: =+P51 -> 5.387 | S53: =+R53/Y42 -> 0.83415918 | T53: 1.071 | U53: =+T53/Y42 -> 0.16584082
A54: Rocería
P55: =+P43+R45 -> 6.458 | Q55: 1
A56: Alcantarillas | Y56: CONVENCIONES | AA56: NO CAMBIAR ESTOS TIPOS DE COLORES
R57: =+P43+R45 -> 6.458 | S57: 1 | Y57: B | Z57: BUENO
A58: Limpiezas de bermas | Y58: R | Z58: REGULAR
P59: =+P43 -> 5.387 | Q59: =+Q43 -> 0.83415918 | R59: =+R45 -> 1.071 | S59: =+S45 -> 0.16584082 | Y59: M | Z59: MALO
A62: NOMBRE DE LA VIA: | B62: CERRITOS - CAUYA | L62: Codigo de la vía: | R62: 2507
A64: SECTOR | B64: 01 | L64: PR37+0180 A PR45+0999
B65: 02 | L65: PR46+0001 A PR50+999
B66: 03 | L66: PR51+0000 A PR55+0450
B67: 04
A68: INGENIERO RESIDENTE: | C68: JAEL DEL CARMEN MORIANO CORTES | L68: TRIMESTRE EVALUADO | R68: =+R13 -> ENERO - FEBRERO - MARZO
A92: CODIGO | B92: SECTOR | X92: Longitud y Porcentaje
B93: 01 | K93: 02 | Q93: 03 | X93: sobre el total de la vía
A94: PR | X94: o del item
A95: ITEM | B95: 37+180 | C95: 38 | D95: 39 | E95: 40 | F95: 41 | G95: 42 | H95: 43 | I95: 44 | J95: 45 | K95: 46 | L95: 47 | M95: 48 | N95: 49 | O95: 47 | P95: 50 | Q95: 51 | R95: 52 | S95: 53 | T95: 54 | U95: 54+430 | V95: 50 | X95: B | Z95: R | AB95: M
X96: km | Y96: % | Z96: km | AA96: % | AB96: km | AC96: %
A97: Pavimento
X98: 6.18 | Y98: =+X98/AD99 -> 0.33877864 | Z98: =8.43-0.368 -> 8.062 | AA98: =+Z98/AD99 -> 0.44194715 | AB98: 4 | AC98: =+AB98/AD99 -> 0.2192742 | AD98: =+AB98+Z98+X98 -> 18.242 | AE98: =+AD98-AD99 -> 0
A99: Afirmado | AD99: 18.242
A101: Puentes (Son: 5 ) | AD101: 5
X102: 2 | Y102: =+X102/AD101 -> 0.4 | Z102: 3 | AA102: =+Z102/AD101 -> 0.6
A103: Cunetas
X104: 18.242 | Y104: =+X104/AD99 -> 1
A105: Señalización Vertical
X106: 3.18 | Y106: =+X106/AD98 -> 0.17432299 | Z106: =+AD98-X106 -> 15.062 | AA106: =+Z106/AD99 -> 0.82567701
A107: Señalización horizontal
AB108: =+AD98 -> 18.242 | AC108: =+AB108/AD98 -> 1
A109: Rocería
Z110: 18.242 | AA110: =+Z110/AD99 -> 1
A111: Alcantarillas | AD111: CONVENCIONES | AF111: NO CAMBIAR ESTOS TIPOS DE COLORES
Z112: 18.242 | AA112: =+Z112/AD99 -> 1 | AD112: B | AE112: BUENO
A113: Limpiezas de bermas | AD113: R | AE113: REGULAR
X114: =+AD98 -> 18.242 | Y114: =+X114/AD98 -> 1 | AD114: M | AE114: MALO
A118: NOMBRE DE LA VIA: | B118: VARIANTE GALICIA | L118: Codigo de la vía: | P118: 29RSB
A120: SECTOR | B120: 01 | L120: PR0+000 A PR1+720
B121: 02 | L121: PR……… A PR……..
B122: 03 | L122: PR……… A PR……..
B123: 04 | L123: PR……… A PR……..
A124: INGENIERO RESIDENTE: | C124: JAEL DEL CARMEN MORIANO CORTES | L124: TRIMESTRE EVALUADO | R124: =+R68 -> ENERO - FEBRERO - MARZO
A148: CODIGO | I148: SECTOR | P148: Longitud y Porcentaje
B149: 01 | I149: 02 | K149: 03 | M149: 04 | P149: sobre el total de la vía
A150: PR | P150: o del item
A151: ITEM | B151: 0 | C151: 1 | D151: 1+710 | P151: B | R151: R | T151: M
P152: km | Q152: % | R152: km | S152: % | T152: km | U152: %
A153: Pavimento
R154: 0.01 | S154: =+R154/Y157 -> 0.0058139535 | T154: =+Y157-R154 -> 1.71 | U154: =+T154/Y157 -> 0.99418605
A155: Afirmado
A157: Puentes (Son: 0 ) | Y157: 1.72
A159: Cunetas
R160: =+Y157 -> 1.72 | S160: =+R160/Y157 -> 1
A161: Señalización Vertical
R162: 1.72 | S162: =+R162/Y157 -> 1
A163: Señalización horizontal
T164: 1.72 | U164: =+T164/Y157 -> 1
A165: Rocería | P165: =+'ESTADO RED VIS'!E19 -> 1.72 | Q165: =+P165/'ESTADO RED VIS'!E19 -> 1
A167: Alcantarillas | P167: =+'ESTADO RED VIS'!E19 -> 1.72 | Q167: =+P167/'ESTADO RED VIS'!E19 -> 1 | Y167: CONVENCIONES | AA167: NO CAMBIAR ESTOS TIPOS DE COLORES
Y168: B | Z168: BUENO
A169: Limpiezas de bermas | P169: =+'ESTADO RED VIS'!E19 -> 1.72 | Q169: =+P169/'ESTADO RED VIS'!E19 -> 1 | Y169: R | Z169: REGULAR
Y170: M | Z170: MALO
A173: NOMBRE DE LA VIA: | B173: SOLUCION VIAL PEREIRA - DOS QUEBRADAS | L173: Codigo de la vía: | P173: 29RSA
A175: SECTOR | B175: 01 | L175: PR0+000 A PR0+0958
B176: 02 | L176: PR0+0000 A PR0+0967
B177: 03 | L177: PR0+0130 A PR0260
B178: 04 | L178: PR0630 A PR0840
B179: 05 | L179: PR0634 A PR0+706
B180: 06 | L180: PR0679 A PR0+1008
B181: 07 | L181: PR0+0697 A PR0+761
B182: 08 | L182: PR0+0773 A PR0+1010
B183: 09 | L183: PR0+0817 A PR0+1157
B184: 10 | L184: PR0+0870 A PR0+1072
B185: 11 | L185: PR0+0872 A PR0+1066
B186: 12 | L186: PR0+0679 A PR0+0761
...

Sheet TORTA EST. VIAS VIS
A1: INSTITUTO NACIONAL DE VIAS
A2: DIRECCION TERRITORIAL RISARALDA
A4: GRAFICO No. 2
A6: ESTADO DE LAS VIAS EN TORTA-CRITERIO DE TRANSITABILIDAD (VISUAL)
A8: INGENIERO RESIDENTE: | B8: JAEL DEL CARMEN MORIANO CORTES
A10: TRIMESTRE EVALUADO: | B10: 1 DE ENERO AL 31 DE MARZO DE 2025
A13: CARRETERA | B13: TRIMESTRE ANTERIOR | C13: TRIMESTRE EVALUADO
I16: Anterior
E17: evaluado | I17: BUENO | J17: =+K17/K20 -> 0.55880881 | K17: 2.233
A18: 5003 | E18: BUENO | F18: 1 | G18: 5.387 | I18: REGULAR | J18: =+K18/K20 -> 0.44119119 | K18: 1.763
A19: SANTA CECILIA - ASIA | E19: REGULAR | F19: 0 | G19: 0 | I19: MALO | J19: 0 | K19: 0
A20: LONG: 6,458 Km | E20: MALO | F20: 0 | G20: 0 | J20: 1 | K20: =SUM(K17:K19) -> 3.996
A21: PAVIMENTADOS 5,387 KM | F21: 1 | G21: 5.387
E26: evaluado | I26: Anterior
E27: BUENO | F27: =+G27/G30 -> 0 | G27: 0 | I27: BUENO | J27: =+K27/K30 -> 0 | K27: 0
A28: 5003 | E28: REGULAR | F28: =+G28/G30 -> 1 | G28: 1.071 | I28: REGULAR | J28: =+K28/K30 -> 0.60882735 | K28: 1.407
A29: SANTA CECILIA - ASIA | E29: MALO | F29: =+G29/G30 -> 0 | G29: 0 | I29: MALO | J29: =+K29/K30 -> 0.39117265 | K29: 0.904
A30: LONG: 6,458 Km | F30: =SUM(F27:F29) -> 1 | G30: =SUM(G27:G29) -> 1.071 | J30: 1 | K30: 2.311
A31: AFIRMADO 5,387 KM
E37: evaluado | I37: Anterior
E38: BUENO | F38: =+G38/G41 -> 0.33877864 | G38: =+'SEMAFORO VIS'!X98 -> 6.18 | I38: BUENO | J38: 0.58353656 | K38: =16.51-6 -> 10.51
A39: 2507 | E39: REGULAR | F39: =+G39/G41 -> 0.44194715 | G39: =+'SEMAFORO VIS'!Z98 -> 8.062 | I39: REGULAR | J39: 0.27869084 | K39: =7.885-4.051 -> 3.834
A40: CERRITOS CAUYA | E40: MALO | F40: =+G40/G41 -> 0.2192742 | G40: =+'SEMAFORO VIS'!AB98 -> 4 | I40: MALO | J40: 0.13777259 | K40: 3.898
A41: LONG: 18,242 Km | F41: =SUM(F38:F40) -> 1 | G41: =SUM(G38:G40) -> 18.242 | J41: 1 | K41: =SUM(K38:K40) -> 18.242
A42: PAVIMENTADOS 18,242 KM
E46: evaluado | I46: Anterior
D47: 5.8 | E47: BUENO | F47: =+G47/G50 -> 0.17241379 | G47: =2*1 -> 2 | I47: BUENO | J47: 0 | K47: 0
A48: 2902 | E48: REGULAR | F48: =+G48/G50 -> 0.65517241 | G48: =3.8*2 -> 7.6 | I48: REGULAR | J48: 0.85921689 | K48: 9.765
A49: PEREIRA CHINCHINA | E49: MALO | F49: =+G49/G50 -> 0.17241379 | G49: =1*2 -> 2 | I49: MALO | J49: 0.14078311 | K49: 1.6
A50: LONG: 5,8 Km | F50: =SUM(F47:F49) -> 1 | G50: =SUM(G47:G49) -> 11.6 | J50: 1 | K50: 11.365
A51: PAVIMENTADOS 5,8 KM
D56: 5.7
E57: evaluado | I57: Anterior
A58: 29RSA | E58: BUENO | F58: =+G58/G61 -> 0.33930254 | G58: 1.44 | I58: BUENO | J58: 0.7164271 | K58: 3.489
A59: SOLUCION VIAL PEREIRA - DOS QUEBRADAS | E59: REGULAR | F59: =+G59/G61 -> 0.66069746 | G59: 2.804 | I59: REGULAR | J59: 0.2835729 | K59: 1.381
A60: LONG: 5,8 Km | E60: MALO | F60: =+G60/G61 -> 0 | G60: =+'[1]ESTADO RED VIS'!$G$85 -> 0 | I60: MALO | J60: 0 | K60: 0
A61: PAVIMENTADOS 5,7 KM | F61: =SUM(F58:F60) -> 1 | G61: =SUM(G58:G60) -> 4.244 | J61: 1 | K61: 4.87
E67: evaluado | I67: Anterior
A68: 29RSB | E68: BUENO | F68: =+G68/G71 -> 0 | G68: =+'[1]ESTADO RED VIS'!$E$143 -> 0 | I68: BUENO | J68: =+K68/K71 -> 0 | K68: =+'[1]ESTADO RED VIS'!$E$143 -> 0
A69: VARIANTE DE GALICIA | E69: REGULAR | F69: =+G69/G71 -> 0.055248619 | G69: 0.1 | I69: REGULAR | J69: =+K69/K71 -> 1 | K69: =+'[1]ESTADO RED VIS'!$F$143 -> 1.72
A70: LONG: 1,72 Km | E70: MALO | F70: =+G70/G71 -> 0.94475138 | G70: 1.71 | I70: MALO | J70: =+K70/K71 -> 0 | K70: =+'[1]ESTADO RED VIS'!$G$143 -> 0
A71: PAVIMENTADOS 1,72 KM | F71: =SUM(F68:F70) -> 1 | G71: =SUM(G68:G70) -> 1.81 | J71: 1 | K71: =SUM(K68:K70) -> 1.72
E76: evaluado | I76: Anterior
E77: BUENO | F77: =+G77/G80 -> 1 | G77: 4.437 | I77: BUENO | J77: 0.7164271 | K77: 3.489
A78: 50RS01 | E78: REGULAR | F78: =+G78/G80 -> 0 | G78: 0 | I78: REGULAR | J78: 0.2835729 | K78: 1.381
A79: APIA - LA VIRGINIA | E79: MALO | F79: =+G79/G80 -> 0 | G79: 0 | I79: MALO | J79: 0 | K79: 0
A80: LONG: 4,437 Km | F80: =SUM(F77:F79) -> 1 | G80: =SUM(G77:G79) -> 4.437 | J80: 1 | K80: 4.87
A81: PAVIMENTADOS 4,437 KM
A87: CONVENCIONES | B87: NO CAMBIAR ESTOS TIPOS DE COLORES
A88: BUENO
A89: REGULAR
A90: MALO | C90: VOLVER A TABLA DE CONTENIDO

Sheet ESTADO RED TEC
A1: INSTITUTO NACIONAL DE VIAS
A2: DIRECCION TERRITORIAL RISARALDA
A4: CUADRO No 4
A6: RELACION ESTADO DE LA RED CRITERIO TECNICO
A8: INGENIERO RESIDENTE: JAEL DEL CARMEN MORIANO CORTES | E8: PERIODO EVALUADO: | G8: ENE-FEB-MAR
A10: CODIGO VIA | B10: PR INICIAL | C10: PR FINAL | D10: CARRETERA | E10: Kms. | F10: TIPO DE | G10: ESTADO
F11: SUPERFICIE
A13: 50RS01 | B13: 13+0000 | C13: 14+0000 | D13: APIA - LA VIRGINIA | E13: 1.064 | F13: P | G13: R
A15: 50RS01 | B15: =+C13 -> 14+0000 | C15: 15+0000 | D15: APIA - LA VIRGINIA | E15: 0.98 | F15: P | G15: R
A17: 50RS01 | B17: =+C15 -> 15+0000 | C17: 16+0000 | D17: APIA - LA VIRGINIA | E17: 1.036 | F17: P | G17: B
A19: 50RS01 | B19: =+C17 -> 16+0000 | C19: 17+0000 | D19: APIA - LA VIRGINIA | E19: 0.95 | F19: P | G19: B
A21: 50RS01 | B21: =+C19 -> 17+0000 | C21: 18+0000 | D21: APIA - LA VIRGINIA | E21: 1.012 | F21: P | G21: B
A23: 50RS01 | B23: =+C21 -> 18+0000 | C23: 19+0000 | D23: APIA - LA VIRGINIA | E23: 0.971 | F23: P | G23: B
A25: 50RS01 | B25: =+C23 -> 19+0000 | C25: 20+0000 | D25: APIA - LA VIRGINIA | E25: 0.976 | F25: P | G25: B
A27: 50RS01 | B27: =+C25 -> 20+0000 | C27: 21+0000 | D27: APIA - LA VIRGINIA | E27: 0.997 | F27: P | G27: B
A29: 50RS01 | B29: 21+0000 | C29: 22+0000 | D29: APIA - LA VIRGINIA | E29: 1 | F29: P | G29: B
A31: 50RS01 | B31: =+C29 -> 22+0000 | C31: 23+0000 | D31: APIA - LA VIRGINIA | E31: 0.899 | F31: P | G31: B
A33: 50RS01 | B33: =+C31 -> 23+0000 | C33: 24+0000 | D33: APIA - LA VIRGINIA | E33: 1.081 | F33: P | G33: B
A35: 50RS01 | B35: =+C33 -> 24+0000 | C35: 25+0000 | D35: APIA - LA VIRGINIA | E35: 1.008 | F35: P | G35: B
A37: 50RS01 | B37: =+C35 -> 25+0000 | C37: 26+0000 | D37: APIA - LA VIRGINIA | E37: 0.99 | F37: P | G37: B
A39: 50RS01 | B39: =+C37 -> 26+0000 | C39: 27+0000 | D39: APIA - LA VIRGINIA | E39: 0.986 | F39: P | G39: B
A41: 50RS01 | B41: =+C39 -> 27+0000 | C41: 28+0000 | D41: APIA - LA VIRGINIA | E41: 0.984 | F41: P | G41: B
A43: 50RS01 | B43: =+C41 -> 28+0000 | C43: 29+0000 | D43: APIA - LA VIRGINIA | E43: 0.975 | F43: P | G43: B
A45: 50RS01 | B45: =+C43 -> 29+0000 | C45: 30+0000 | D45: APIA - LA VIRGINIA | E45: 0.963 | F45: P | G45: B
A47: 50RS01 | B47: =+C45 -> 30+0000 | C47: 30+290 | D47: APIA - LA VIRGINIA | E47: 0.29 | F47: P | G47: B
A49: 50RS01 | B49: 30+630 | C49: 31+0000 | D49: APIA - LA VIRGINIA | E49: 0.713 | F49: P | G49: B
A51: 50RS01 | B51: =+C47 -> 30+290 | C51: 31+0750 | D51: APIA - LA VIRGINIA | E51: 0.75 | F51: P | G51: R
A53: 50RS01 | B53: =+C49 -> 31+0000 | C53: 31+0750 | D53: APIA - LA VIRGINIA | E53: 0.315 | F53: P | G53: B
A55: 50RS01 | B55: =+C53 -> 31+0750 | C55: 32+0000 | D55: APIA - LA VIRGINIA | E55: 0.315 | F55: P | G55: R
A57: 50RS01 | B57: =+C55 -> 32+0000 | C57: 32+0443 | D57: APIA - LA VIRGINIA | E57: 0.443 | F57: P | G57: R
A59: 50RS01 | B59: =+B57 -> 32+0000 | C59: 32+0443 | D59: APIA - LA VIRGINIA | E59: 0.443 | F59: P | G59: R
A61: 25RSA | B61: 0+0000 | C61: 1+0000 | D61: PASO NACIONAL POR LA VIRGINIA | E61: 0.9998 | F61: P | G61: R
A63: 25RSA | B63: 1+0000 | C63: 1+0480 | D63: PASO NACIONAL POR LA VIRGINIA | E63: 0.479 | F63: P | G63: R
A65: 25RSA | B65: 1+0480 | C65: 2+0060 | D65: PASO NACIONAL POR LA VIRGINIA | E65: 0.581 | F65: P | G65: B
A67: 25RSA | B67: 1+0480 | C67: 2+0060 | D67: PASO NACIONAL POR LA VIRGINIA | E67: 0.453 | F67: P | G67: R
A69: 25RSA | B69: 2+0060 | C69: 3+0000 | D69: PASO NACIONAL POR LA VIRGINIA | E69: 0.955 | F69: P | G69: R
A71: 25RSA | B71: =+C69 -> 3+0000 | C71: 4+0000 | D71: PASO NACIONAL POR LA VIRGINIA | E71: 1.106 | F71: P | G71: M
A73: 25RSA | B73: 4+0000 | C73: 4+0218 | D73: PASO NACIONAL POR LA VIRGINIA | E73: 0.336 | F73: P | G73: M
A75: 25RSA | B75: =+C73 -> 4+0218 | C75: 4+0455 | D75: PASO NACIONAL POR LA VIRGINIA - DOBLE CALZADA | E75: 0.25 | F75: P | G75: R
A77: 25RSA | B77: 4+0455 | C77: 4+0455 | D77: PASO NACIONAL POR LA VIRGINIA - DOBLE CALZADA | E77: 0.237 | F77: P | G77: R
A79: 2507 | B79: 37+0180 | C79: 38+0000 | D79: CERRITOS - CAUYA | E79: 0.826 | F79: P | G79: R
A81: 2507 | B81: =+C79 -> 38+0000 | C81: 39+0000 | D81: CERRITOS - CAUYA | E81: 0.992 | F81: P | G81: R
A83: 2507 | B83: =+C81 -> 39+0000 | C83: 40+0000 | D83: CERRITOS - CAUYA | E83: 0.999 | F83: P | G83: R
A85: 2507 | B85: =+C83 -> 40+0000 | C85: 41+0000 | D85: CERRITOS - CAUYA | E85: 1.004 | F85: P | G85: R
A87: 2507 | B87: =+C85 -> 41+0000 | C87: 42+0000 | D87: CERRITOS - CAUYA | E87: 0.988 | F87: P | G87: M
A89: 2507 | B89: =+C87 -> 42+0000 | C89: 43+0000 | D89: CERRITOS - CAUYA | E89: 0.968 | F89: P | G89: R
A91: 2507 | B91: =+C89 -> 43+0000 | C91: 44+0000 | D91: CERRITOS - CAUYA | E91: 1.022 | F91: P | G91: R
A93: 2507 | B93: =+C91 -> 44+0000 | C93: 45+0000 | D93: CERRITOS - CAUYA | E93: 0.985 | F93: P | G93: R
A95: 2507 | B95: =+C93 -> 45+0000 | C95: 46+0000 | D95: CERRITOS - CAUYA | E95: 0.981 | F95: P | G95: B
A97: 2507 | B97: =+C95 -> 46+0000 | C97: 47+0000 | D97: CERRITOS - CAUYA | E97: 1.001 | F97: P | G97: B
A99: 2507 | B99: =+C97 -> 47+0000 | C99: 48+0000 | D99: CERRITOS - CAUYA | E99: 0.966 | F99: P | G99: M
A101: 2507 | B101: =+C99 -> 48+0000 | C101: 49+0000 | D101: CERRITOS - CAUYA | E101: 0.98 | F101: P | G101: M
A103: 2507 | B103: =+C101 -> 49+0000 | C103: 50+0000 | D103: CERRITOS - CAUYA | E103: 0.98 | F103: P | G103: M
... A115: 2507 | B115: =+C113 -> 55+0000 | C115: 55+430 | D115: CERRITOS - CAUYA | E115: 0.431 | F115: P | G115: R
A117: 5003 | B117: 72+0000 | C117: 73+0000 | D117: SANTA CECILIA - ASIA | E117: 1.006 | F117: A | G117: R
A119: 5003 | B119: =+C117 -> 73+0000 | C119: 73+0235 | D119: SANTA CECILIA - ASIA | E119: 0.4 | F119: A | G119: R
A121: 5003 | B121: =+C119 -> 73+0235 | C121: 74+0000 | D121: SANTA CECILIA - ASIA | E121: 0.591 | F121: P | G121: B
A123: 5003 | B123: 74+0000 | C123: =+B125 -> 74+0512 | D123: SANTA CECILIA - ASIA | E123: 0.15 | F123: P | G123: B
A125: 5003 | B125: 74+0512 | C125: 75+0000 | D125: SANTA CECILIA - ASIA | E125: 0.904 | F125: P | G125: R
A127: 5003 | B127: =+C125 -> 75+0000 | C127: 76+0000 | D127: SANTA CECILIA - ASIA | E127: 0.975 | F127: P | G127: R
A129: 5003 | B129: =+C127 -> 76+0000 | C129: 77+0000 | D129: SANTA CECILIA - ASIA | E129: 0.777 | F129: P | G129: M
A131: 5003 | B131: 77+0000 | C131: 78+0000 | D131: SANTA CECILIA - ASIA | E131: 0.987 | F131: P | G131: M
A133: 5003 | B133: 78+0000 | C133: 78+0550 | D133: SANTA CECILIA - ASIA | E133: 0.551 | F133: P | G133: M
A135: 29RSB | B135: 0+0000 | C135: =+B137 -> 1+0000 | D135: VARIANTE GALICIA | E135: 0.946 | F135: P | G135: M
A137: 29RSB | B137: 1+0000 | C137: 1+0710 | D137: VARIANTE GALICIA | E137: 0.765 | F137: P | G137: M
A139: 29RSA | B139: 0+0000 | C139: 0+0958 | D139: SOLUCION VIAL PEREIRA - DOSQUEBRADAS | E139: 0.958 | F139: P | G139: R
A141: 29RSA | B141: 0+0000 | C141: 0+0967 | D141: SOLUCION VIAL PEREIRA - DOSQUEBRADAS | E141: 0.967 | F141: P | G141: R
A143: 29RSA | B143: 0,+0627 | C143: 0+0700 | D143: SOLUCION VIAL PEREIRA - DOSQUEBRADAS | E143: 0.073 | F143: P | G143: M
A145: 29RSA | B145: 0,+0859 | C145: 0+1040 | D145: SOLUCION VIAL PEREIRA - DOSQUEBRADAS | E145: 0.181 | F145: P | G145: R
A147: 29RSA | B147: 0+0135 | C147: 0+0280 | D147: SOLUCION VIAL PEREIRA - DOSQUEBRADAS | E147: 0.145 | F147: P | G147: R
A149: 29RSA | B149: 0+0631 | C149: 0+0873 | D149: SOLUCION VIAL PEREIRA - DOSQUEBRADAS | E149: 0.242 | F149: P | G149: R
A151: 29RSA | B151: 0+0769 | C151: 0+1053 | D151: SOLUCION VIAL PEREIRA - DOSQUEBRADAS | E151: 0.284 | F151: P | G151: R
A153: 29RSA | B153: 0+0655 | C153: 0+0814 | D153: SOLUCION VIAL PEREIRA - DOSQUEBRADAS | E153: 0.159 | F153: P | G153: R
A155: 29RSA | B155: 0+0360 | C155: 0+0682 | D155: SOLUCION VIAL PEREIRA - DOSQUEBRADAS | E155: 0.322 | F155: P | G155: M
A157: 29RSA | B157: 0+0696 | C157: 0+0855 | D157: SOLUCION VIAL PEREIRA - DOSQUEBRADAS | E157: 0.159 | F157: P | G157: R
A159: 29RSA | B159: 0+0505 | C159: 0+0870 | D159: SOLUCION VIAL PEREIRA - DOSQUEBRADAS | E159: 0.365 | F159: P | G159: M
A161: 2902 | B161: 0+0000 | C161: 1+0000 | D161: PEREIRA - CHICHINA | E161: 1.019 | F161: P | G161: R
A163: 2902 | B163: 0+0945 | C163: 1+0000 | D163: PEREIRA - CHICHINA DOBLE CALZADA | E163: 0.06 | F163: P | G163: M
A165: 2902 | B165: =+C163 -> 1+0000 | C165: 2+0000 | D165: PEREIRA - CHICHINA DOBLE CALZADA | E165: 0.981 | F165: P | G165: R
A167: 2902 | B167: =+B165 -> 1+0000 | C167: =+C165 -> 2+0000 | D167: PEREIRA - CHICHINA DOBLE CALZADA | E167: 0.986 | F167: P | G167: M
A169: 2902 | B169: =+C167 -> 2+0000 | C169: 3+0000 | D169: PEREIRA - CHICHINA DOBLE CALZADA | E169: 1.011 | F169: P | G169: R
A171: 2902 | B171: 2+0000 | C171: 3+0000 | D171: PEREIRA - CHICHINA DOBLE CALZADA | E171: 1.017 | F171: P | G171: M
A173: 2902 | B173: 3+0000 | C173: 4+0000 | D173: PEREIRA - CHICHINA DOBLE CALZADA | E173: 0.991 | F173: P | G173: M
A175: 2902 | B175: 3+0000 | C175: 4+0000 | D175: PEREIRA - CHICHINA DOBLE CALZADA | E175: 0.989 | F175: P | G175: M
A177: 2902 | B177: 4+0000 | C177: 5+0000 | D177: PEREIRA - CHICHINA DOBLE CALZADA | E177: 0.993 | F177: P | G177: R
A179: 2902 | B179: 4+0000 | C179: 5+0000 | D179: PEREIRA - CHICHINA DOBLE CALZADA | E179: 0.988 | F179: P | G179: M
A181: 2902 | B181: 5+0000 | C181: 5+0800 | D181: PEREIRA - CHICHINA DOBLE CALZADA | E181: 0.8 | F181: P | G181: M
A183: 2902 | B183: 5+0000 | C183: 5+0800 | D183: PEREIRA - CHICHINA DOBLE CALZADA | E183: 0.8 | F183: P | G183: M
A189: Nota: La información contenida es un ejemplo sobre la forma de diligenciar este cuadro.Debe presentarse a color SIN CAMBIAR ESTOS TIPOS DE COLORES.
A190: Esta informacion se deberá presentar cada seis meses en un informe especifico en CD e incorporarlo en el trimestral
A191: que le corresponda.
E192: CONVENCIONES | G192: NO CAMBIAR ESTOS TIPOS DE COLORES
E193: MB | F193: MUY BUENO
E194: B | F194: BUENO
E195: R | F195: REGULAR
E196: M | F196: MALO
E197: MM | F197: MUY MALO
G198: VOLVER A TABLA DE CONTENIDO

Sheet SEMAFORO TEC
A1: INSTITUTO NACIONAL DE VIAS
A2: DIRECCION TERRITORIAL RISARTALDA
A3: GRAFICO No. 3
A4: ESTADO DE LA RED CRITERIO TECNICO
A6: NOMBRE DE LA VIA: SANTA CECILIA - ASIA | N6: Codigo de la vía: 5003
A8: SECTOR | B8: 01 | I8: PR78+550 A PR73+163
B9: 02 | I9: PR73+163 A PR72+000
B10: 03 | I10: PR……… A PR……..
B11: 04 | I11: PR……… A PR……..
A12: INGENIERO RESIDENTE: JAEL MORIANO CORTES | I12: PERIODO EVALUADO: ENE-FEB-MAR
A36: CODIGO | I36: SECTOR | P36: Longitud y Porcentaje
B37: 01 | I37: 02 | K37: 03 | M37: 04 | P37: sobre el total de la vía o del item
A38: PR
A39: ITEM | B39: 73+163 | C39: 74 | D39: 75 | E39: 76 | F39: 77 | G39: 78+550 | I39: 72 | J39: 73+163 | P39: MB | R39: B | T39: R | V39: M | X39: M | AA39: 5.387
P40: km | Q40: % | R40: km | S40: % | T40: km | U40: % | V40: km | W40: % | X40: km | Y40: % | AA40: 1.07
A41: Pavimento | AA41: =+AA40+AA39 -> 6.457
R42: 5.387 | S42: =+R42/AA41 -> 0.83428837
A43: Afirmado
V44: 1.07 | W44: =+V44/AA41 -> 0.16571163
A45: Puentes (Son: 1 )
X46: 0.069 | Y46: 1
A47: Cunetas
R48: =+R42 -> 5.387 | S48: =+R48/AA41 -> 0.83428837 | X48: 1.071 | Y48: =+X48/AA41 -> 0.1658665
A49: Señalización Vertical
R50: =+R48 -> 5.387 | S50: =+R50/AA41 -> 0.83428837 | X50: 1.071 | Y50: =+X50/AA41 -> 0.1658665
A51: Señalización horizontal
R52: =+R50 -> 5.387 | S52: =+R52/AA41 -> 0.83428837 | X52: 1.071 | Y52: =+X52/AA41 -> 0.1658665
A53: Rocería | AA53: CONVENCIONES | AC53: NO CAMBIAR ESTOS TIPOS DE COLORES
P54: =+AA41 -> 6.457 | Q54: =+P54/AA41 -> 1 | AA54: MB | AB54: MUY BUENO
A55: Alcantarillas | AA55: B | AB55: BUENO
P56: =+AA41 -> 6.457 | Q56: =+P56/AA41 -> 1 | AA56: R | AB56: REGULAR
A57: Limpiezas de bermas | AA57: M | AB57: MALO
P58: =+AA41 -> 6.457 | Q58: =+P58/AA41 -> 1 | AA58: MM | AB58: MUY MALO
A62: NOMBRE DE LA VIA: CERRITOS - CAUYA | N62: Codigo de la vía: 2507
A64: SECTOR | B64: 01 | I64: PR37+0180 A PR45+0999
B65: 02 | I65: PR46+0001 A PR50+999
B66: 03 | I66: PR51+0000 A PR55+0430
B67: 04 | I67: PR……… A PR……..
A68: INGENIERO RESIDENTE: JAEL MORIANO CORTES | I68: =+I12 -> PERIODO EVALUADO: ENE-FEB-MAR
A92: CODIGO | B92: SECTOR | V92: Longitud y Porcentaje
B93: 01 | K93: 02 | Q93: 03 | V93: sobre el total de la vía
A94: PR | V94: o del item
A95: ITEM | B95: 37+180 | C95: 38 | D95: 39 | E95: 40 | F95: 41 | G95: 42 | H95: 43 | I95: 44 | J95: 45 | K95: 46 | L95: 47 | M95: 48 | N95: 49 | O95: 47 | P95: 50 | Q95: 51 | R95: 52 | S95: 53 | T95: 54 | U95: 55+430 | V95: MB | X95: B | Z95: R | AB95: M | AD95: MM
V96: km | W96: % | X96: km | Y96: % | Z96: km | AA96: % | AB96: km | AC96: % | AD96: km | AE96: %
A97: Pavimento
AB98: =+AG99-AD98 -> 14.242 | AC98: =+AB98/AG99 -> 0.7807258 | AD98: 4 | AE98: =+AD98/AG99 -> 0.2192742 | AG98: =+AD98+Z98+X98 -> 4 | AH98: =+AG98-AG99 -> -14.242
A99: Afirmado | AG99: 18.242
A101: Puentes (Son: 6 ) | AG101: 6
Z102: 6 | AA102: =+Z102/AG101 -> 1
A103: Cunetas
Z104: =+AG99 -> 18.242 | AA104: =+Z104/AG99 -> 1
A105: Señalización Vertical
Z106: 18.242 | AA106: =+Z106/AG99 -> 1
A107: Señalización horizontal
Z108: 18.242 | AA108: =+Z108/AG99 -> 1
A109: Rocería | AG109: CONVENCIONES | AI109: NO CAMBIAR ESTOS TIPOS DE COLORES
V110: =+AG99 -> 18.242 | W110: =+V110/AG99 -> 1 | Z110: 18.242 | AA110: =+Z110/AG99 -> 1 | AG110: MB | AH110: MUY BUENO
A111: Alcantarillas | AG111: B | AH111: BUENO
V112: =+AG99 -> 18.242 | W112: =+V112/AG98 -> 4.5605 | Z112: 18.242 | AA112: =+Z112/AG99 -> 1 | AG112: R | AH112: REGULAR
A113: Limpiezas de bermas | AG113: M | AH113: MALO
V114: =+AG99 -> 18.242 | W114: =+V114/AG98 -> 4.5605 | Z114: 18.242 | AA114: =+Z114/AG99 -> 1 | AG114: MM | AH114: MUY MALO
A117: NOMBRE DE LA VIA: | B117: VARIANTE GALICIA | L117: Codigo de la vía: | P117: 29RSB
A119: SECTOR | B119: 01 | L119: PR0+000 A PR1+720
B120: 02 | L120: PR……… A PR……..
B121: 03 | L121: PR……… A PR……..
B122: 04 | L122: PR……… A PR……..
A123: INGENIERO RESIDENTE: | C123: JAEL DEL CARMEN MORIANO CORTES | L123: TRIMESTRE EVALUADO | R123: =+I68 -> PERIODO EVALUADO: ENE-FEB-MAR
A147: CODIGO | I147: SECTOR | P147: Longitud y Porcentaje
B148: 01 | I148: 02 | K148: 03 | M148: 04 | P148: sobre el total de la vía
A149: PR | P149: o del item
A150: ITEM | B150: 0 | C150: 1 | D150: 1+710 | P150: MB | R150: B | T150: R | V150: M | X150: M
P151: km | Q151: % | R151: km | S151: % | T151: km | U151: % | V151: km | W151: % | X151: km | Y151: % | AA151: 1.72
A152: Pavimento
V153: 0.1 | W153: =+V153/AA151 -> 0.058139535 | X153: =+AA151-V153 -> 1.62 | Y153: =+X153/AA151 -> 0.94186047
A154: Afirmado
A156: Puentes (Son: 0 )
A158: Cunetas
T159: =+AA151 -> 1.72 | U159: =+T159/AA151 -> 1
A160: Señalización Vertical
T161: =+AA151 -> 1.72 | U161: =+T161/AA151 -> 1
A162: Señalización horizontal
X163: =+AA151 -> 1.72 | Y163: =+X163/AA151 -> 1
A164: Rocería | AC164: CONVENCIONES | AE164: NO CAMBIAR ESTOS TIPOS DE COLORES
R165: =+AA151 -> 1.72 | S165: =+R165/AA151 -> 1 | AC165: MB | AD165: MUY BUENO
A166: Alcantarillas | AC166: B | AD166: BUENO
R167: =+AA151 -> 1.72 | S167: =+R167/AA151 -> 1 | AC167: R | AD167: REGULAR
A168: Limpiezas de bermas | AC168: M | AD168: MALO
R169: =+AA151 -> 1.72 | S169: =+R169/AA151 -> 1 | AC169: MM | AD169: MUY MALO
A172: NOMBRE DE LA VIA: | B172: SOLUCION VIAL PEREIRA - DOS QUEBRADAS | L172: Codigo de la vía: | P172: 29RSA
A174: SECTOR | B174: 01 | L174: PR0+000 A PR0+0958
B175: 02 | L175: PR0+0000 A PR0+0967
B176: 03 | L176: PR0+0130 A PR0260
B177: 04 | L177: PR0630 A PR0840
B178: 05 | L178: PR0634 A PR0+706
B179: 06 | L179: PR0679 A PR0+1008
B180: 07 | L180: PR0+0697 A PR0+761
B181: 08 | L181: PR0+0773 A PR0+1010
B182: 09 | L182: PR0+0817 A PR0+1157
B183: 10 | L183: PR0+0870 A PR0+1072
B184: 11 | L184: PR0+0872 A PR0+1066
...

Sheet TORTA EST. VIAS TEC
A1: INSTITUTO NACIONAL DE VIAS
A2: DIRECCION TERRITORIAL-RISARALDA
A4: GRAFICO No. 4
A6: ESTADO DE LA RED EN TORTA - CRITERIO TECNICO
A8: INGENIERO(S) RESIDENTE(S): | B8: JAEL DEL CARMEN MORIANO CORTES
A10: PERIODO EVALUADO: | B10: =+'TORTA EST. VIAS VIS'!B10 -> 1 DE ENERO AL 31 DE MARZO DE 2025
A12: CARRETERA | B12: TRIMESTRE ANTERIOR | C12: TRIMESTRE EVALUADO | E12: L= | F12: 6.458 | I12: L= | J12: 6.458
E13: p= | F13: 5.387 | I13: p= | J13: 5.387
E14: a= | F14: 1.071 | I14: a= | J14: 1.071
E15: evaluado | I15: ANTERIOR
E16: MUY BUENO | F16: 0 | G16: 0 | I16: MUY BUENO | J16: =+K16/$K$21 -> 0 | K16: 0
A17: 5003 | E17: BUENO | F17: =+G17/G21 -> 1 | G17: =+'SEMAFORO VIS'!P43 -> 5.387 | I17: BUENO | J17: =+K17/$K$21 -> 1 | K17: 5.387
A18: SANTA CECILIA - ASIA | E18: REGULAR | F18: =+G18/G21 -> 0 | G18: 0 | I18: REGULAR | J18: =+K18/$K$21 -> 0 | K18: 0
A19: LONG: 6,458 Km | E19: MALO | F19: 0 | G19: 0 | I19: MALO | J19: =+K19/$K$21 -> 0 | K19: 0
A20: PAVIMENTADOS 5,387 KM | E20: MALO | F20: =+G20/G21 -> 0 | G20: =+'[1]ESTADO RED VIS'!$G$28 -> 0 | I20: MUY MALO | J20: =+K20/$K$21 -> 0 | K20: 0
F21: =SUM(F17:F20) -> 1 | G21: =SUM(G17:G20) -> 5.387 | J21: =SUM(J16:J20) -> 1 | K21: =SUM(K16:K20) -> 5.387
E25: evaluado | I25: Anterior
E26: MUY BUENO | F26: 0 | G26: 0
A27: 5003 | E27: BUENO | F27: =+G27/G31 -> 0 | G27: 0 | I27: MUY BUENO | J27: =+K27/$K$32 -> 0 | K27: 0
A28: SANTA CECILIA - ASIA | E28: REGULAR | F28: =+G28/G31 -> 0 | G28: 0 | I28: BUENO | J28: =+K28/$K$32 -> 0 | K28: 0
A29: LONG: 6,458 Km | E29: MALO | F29: =+G29/G31 -> 1 | G29: 1.071 | I29: REGULAR | J29: =+K29/$K$32 -> 1 | K29: 1.071
A30: AFIRMADO 1,07 KM | E30: MUY MALO | F30: 0 | G30: 0 | I30: MALO | J30: =+K30/$K$32 -> 0 | K30: 0
F31: =SUM(F27:F29) -> 1 | G31: =SUM(G27:G29) -> 1.071 | I31: MUY MALO | J31: =+K31/$K$32 -> 0 | K31: 0
J32: =SUM(J27:J31) -> 1 | K32: =SUM(K27:K31) -> 1.071
E36: evaluado | I36: Anterior
E37: MUY BUENO | F37: =+G37/$G$42 -> 0 | G37: =+'SEMAFORO TEC'!V98 -> 0 | I37: MUY BUENO | J37: =+K37/$K$42 -> 0 | K37: 0
A38: 2507 | E38: BUENO | F38: =+G38/$G$42 -> 0 | G38: =+'SEMAFORO TEC'!X98 -> 0 | I38: BUENO | J38: =+K38/$K$42 -> 0.33877864 | K38: 6.18
A39: CERRITOS CAUYA | E39: REGULAR | F39: =+G39/$G$42 -> 0 | G39: =+'SEMAFORO TEC'!Z98 -> 0 | I39: REGULAR | J39: =+K39/$K$42 -> 0.44194715 | K39: 8.062
A40: LONG: 18,242 Km | E40: MALO | F40: =+G40/$G$42 -> 0.7807258 | G40: =+'SEMAFORO TEC'!AB98 -> 14.242 | I40: MALO | J40: =+K40/$K$42 -> 0.2192742 | K40: 4
A41: PAVIMENTADOS 18,242 KM | E41: MUY MALO | F41: =+G41/$G$42 -> 0.2192742 | G41: =+'SEMAFORO TEC'!AD98 -> 4 | I41: MUY MALO | J41: =+K41/$K$42 -> 0 | K41: 0
F42: =SUM(F37:F41) -> 1 | G42: =SUM(G37:G41) -> 18.242 | J42: =SUM(J37:J41) -> 1 | K42: =SUM(K37:K41) -> 18.242
E45: evaluado | I45: Anterior
D46: 5.8 | E46: MUY BUENO | F46: =+G46/$G$51 -> 0 | G46: =+'SEMAFORO TEC'!N278 -> 0 | I46: MUY BUENO | J46: =+K46/$K$51 -> 0 | K46: 0
A47: 2902 | E47: BUENO | F47: =+G47/$G$51 -> 0.17241379 | G47: =+'SEMAFORO TEC'!Q278 -> 1 | I47: BUENO | J47: =+K47/$K$51 -> 0 | K47: 0
A48: PEREIRA CHINCHINA | E48: REGULAR | F48: =+G48/$G$51 -> 0.65517241 | G48: =+'SEMAFORO TEC'!S278 -> 3.8 | I48: REGULAR | J48: =+K48/$K$51 -> 0 | K48: 0
A49: LONG: 5,8 Km | E49: MALO | F49: =+G49/$G$51 -> 0 | G49: =+'SEMAFORO TEC'!U278 -> 0 | I49: MALO | J49: =+K49/$K$51 -> 1 | K49: 5.8
A50: PAVIMENTADOS 5,8 KM | E50: MUY MALO | F50: =+G50/$G$51 -> 0.17241379 | G50: =+'SEMAFORO TEC'!W278 -> 1 | I50: MUY MALO | J50: =+K50/$K$51 -> 0 | K50: 0
F51: =SUM(F46:F50) -> 1 | G51: =SUM(G46:G50) -> 5.8 | J51: =SUM(J46:J50) -> 1 | K51: =SUM(K46:K50) -> 5.8
D55: 5.7
E56: evaluado | I56: Anterior
A57: 29RSA | E57: MUY BUENO | F57: 0 | G57: =+'SEMAFORO TEC'!N216 -> 0 | I57: MUY BUENO | J57: =+K57/$K$62 -> 0 | K57: 0
A58: SOLUCION VIAL PEREIRA - DOS QUEBRADAS | E58: BUENO | F58: =+G58/G62 -> 0 | G58: =+'SEMAFORO TEC'!Q216 -> 0 | I58: BUENO | J58: =+K58/$K$62 -> 0.33930254 | K58: 1.44
A59: LONG: 5,8 Km | E59: REGULAR | F59: =+G59/G62 -> 1 | G59: =+'SEMAFORO TEC'!S216 -> 3.758 | I59: REGULAR | J59: =+K59/$K$62 -> 0.66069746 | K59: 2.804
A60: PAVIMENTADOS 5,7 KM | E60: MALO | F60: =+G60/G62 -> 0 | G60: =+'SEMAFORO TEC'!U216 -> 0 | I60: MALO | J60: =+K60/$K$62 -> 0 | K60: 0
E61: MUY MALO | F61: 0 | G61: =+'SEMAFORO TEC'!W216 -> 0 | I61: MUY MALO | J61: =+K61/$K$62 -> 0 | K61: 0
F62: =SUM(F58:F60) -> 1 | G62: =SUM(G57:G61) -> 3.758 | J62: =SUM(J57:J61) -> 1 | K62: =SUM(K57:K61) -> 4.244
E66: evaluado | I66: Anterior
A67: 29RSB | E67: MUY BUENO | F67: =+G67/$G$72 -> 0 | G67: =+'SEMAFORO TEC'!N216 -> 0 | I67: MUY BUENO | J67: =+K67/$K$72 -> 0 | K67: 0
A68: VARIANTE DE GALICIA | E68: BUENO | F68: =+G68/$G$72 -> 0 | G68: =+'SEMAFORO TEC'!Q216 -> 0 | I68: BUENO | J68: =+K68/$K$72 -> 0 | K68: 0
A69: LONG: 1,72 Km | E69: REGULAR | F69: =+G69/$G$72 -> 1 | G69: =+'SEMAFORO TEC'!S216 -> 3.758 | I69: REGULAR | J69: =+K69/$K$72 -> 0.055248619 | K69: 0.1
A70: PAVIMENTADOS 1,72 KM | E70: MALO | F70: =+G70/$G$72 -> 0 | G70: =+'SEMAFORO TEC'!U216 -> 0 | I70: MALO | J70: =+K70/$K$72 -> 0.94475138 | K70: 1.71
E71: MUY MALO | F71: =+G71/$G$72 -> 0 | G71: =+'SEMAFORO TEC'!W216 -> 0 | I71: MUY MALO | J71: =+K71/$K$72 -> 0 | K71: 0
F72: =SUM(F67:F71) -> 1 | G72: =SUM(G67:G71) -> 3.758 | J72: =SUM(J67:J71) -> 1 | K72: =SUM(K67:K71) -> 1.81
E75: evaluado | I75: Anterior
E76: MUY BUENO | F76: =+G76/$G$81 -> 0 | G76: =+'SEMAFORO TEC'!AA339 -> 0 | I76: MUY BUENO | J76: =+K76/$K$81 -> 0 | K76: 0
A77: 50RS01 | E77: BUENO | F77: =+G77/$G$81 -> 0.8968537 | G77: =+'SEMAFORO TEC'!AC339 -> 17.103 | I77: BUENO | J77: =+K77/$K$81 -> 0.89669638 | K77: 17.1
A78: APIA - LA VIRGINIA | E78: REGULAR | F78: =+G78/$G$81 -> 0.1031463 | G78: =+'SEMAFORO TEC'!AE339 -> 1.967 | I78: REGULAR | J78: =+K78/$K$81 -> 0.10330362 | K78: 1.97
A79: LONG: 19,07 Km | E79: MALO | F79: =+G79/$G$81 -> 0 | G79: =+'SEMAFORO TEC'!AG339 -> 0 | I79: MALO | J79: =+K79/$K$81 -> 0 | K79: 0
A80: PAVIMENTADOS 19,07 KM | E80: MUY MALO | F80: =+G80/$G$81 -> 0 | G80: =+'SEMAFORO TEC'!AI339 -> 0 | I80: MUY MALO | J80: =+K80/$K$81 -> 0 | K80: 0
F81: =SUM(F76:F80) -> 1 | G81: =SUM(G76:G80) -> 19.07 | J81: =SUM(J76:J80) -> 1 | K81: =SUM(K76:K80) -> 19.07
E85: evaluado | I85: Anterior
E86: MUY BUENO | F86: =+G86/$G$91 -> 0 | G86: =+'SEMAFORO TEC'!K400 -> 0 | I86: MUY BUENO | J86: =+K86/$K$91 -> 0 | K86: 0
A87: 25RSA | E87: BUENO | F87: =+G87/$G$91 -> 1 | G87: =+'SEMAFORO TEC'!M400 -> 4.437 | I87: BUENO | J87: =+K87/$K$91 -> 1 | K87: 4.437
A88: PASO NACIONAL LA VIRGINIA | E88: REGULAR | F88: =+G88/$G$91 -> 0 | G88: =+'SEMAFORO TEC'!P400 -> 0 | I88: REGULAR | J88: =+K88/$K$91 -> 0 | K88: 0
A89: LONG: 4,437 Km | E89: MALO | F89: =+G89/$G$91 -> 0 | G89: =+'SEMAFORO TEC'!R400 -> 0 | I89: MALO | J89: =+K89/$K$91 -> 0 | K89: 0
A90: PAVIMENTADOS 4,437 KM | E90: MUY MALO | F90: =+G90/$G$91 -> 0 | G90: =+'SEMAFORO TEC'!T400 -> 0 | I90: MUY MALO | J90: =+K90/$K$91 -> 0 | K90: 0
F91: =SUM(F86:F90) -> 1 | G91: =SUM(G86:G90) -> 4.437 | J91: =SUM(J86:J90) -> 1 | K91: =SUM(K86:K90) -> 4.437
A96: CONVENCIONES | B96: NO CAMBIAR ESTOS TIPOS DE COLORES
A97: MUY BUENO
A98: BUENO
A99: REGULAR
A100: MALO
A101: MUY MALO | C101: VOLVER A TABLA DE CONTENIDO

Sheet MAPA 1 EST RED
A1: INSTITUTO NACIONAL DE VIAS
A2: DIRECCION TERRITORIAL RISARALDA
A6: MAPA No. 1
A7: ESTADO DE LA RED Y SITIOS CRITICOS DE INESTABILIDAD
A31: Los sitios criticos presentados en la ruta 2507, Son los puntos donde se presentaron deslizamientos con movimientos de masa.PR 39+520, PR42+800
A54: Los sitios criticos presentados en la ruta 25RSA, son el PR0+200 (BOX COULVERT)
A76: Los sitios criticos presentados en la ruta 50RS01, son el PR13+350, PR15+100, PR25+200+PR31+100
A102: Los sitios criticos presentados en la ruta 2902, en las quebradas por capacidad hidraúlica y socavación de los taludes en la rivera de los afluentes hidrícos
F106: CONVENCIONES | H106: NO CAMBIAR ESTOS TIPOS DE COLORES
F107: MB | G107: MUY BUENO
F108: B | G108: BUENO
F109: R | G109: REGULAR
F110: M | G110: MALO
F111: MM | G111: MUY MALO
A112: NOTA: | B112: Ubicar en el mapa municipios, PRs de sitios importantes y lugares donde hay
B113: cambios en el estado de la red y sitios criticos de inestabilidad.
A115: RELACION SITIOS CRITICOS DE INESTABILIDAD
A116: No. | B116: CODIGO VIA | C116: SECTOR | D116: PR | E116: DESCRIPCION DEL PROBLEMA
A117: 1 | B117: 2507 | C117: Condominio | D117: 39+520 | E117: Talud inestable
A118: 2 | B118: 2507 | C118: Puente Lázaro | D118: 42+800 | E118: Talud inestable
A119: 3 | B119: 25RSA | C119: La Milagrosa | D119: 0+200 | E119: Ponton con arrastre de material,colmatación y conexiones ilegales de aguas negras
A120: 4 | B120: 50RS01 | C120: Puente Mocatán | D120: 31+200 | E120: Puente con socavación en pila central
A121: 5 | B121: 50RS01 | D121: 31+100 | E121: Perdida de muro de gaviones, inestabilidad de la vía
A122: 6 | B122: 50RS01 | D122: 25+200 | E122: Depresión de via
A123: 7 | B123: 50RS01 | D123: 13+350 | E123: Inestabilidad de talud, deslizamiento en masa
A124: 8 | B124: 50RS01 | D124: 15+100 | E124: Inestabilidad de talud, deslizamiento en masa
A125: 9 | B125: 2902 | C125: Sector del único | D125: 1+800 | E125: Quebrada la Vibora; presenta colmatación e inundación, galibo menor a 1mt
A126: 10 | B126: 2902 | C126: Quebrada Manizales | D126: 4+750 | E126: Quebrada Manizales, presenta socavación y resalto hidraúlico
A127: 11 | B127: 2902 | C127: La fiscalia | D127: 5+213 | E127: Quebrada agua azul, presenta socavación e inestabilidad de la vía
A128: 12 | B128: 2902 | C128: La Chillona | D128: 5+450 | E128: Quebrada la Chillona, presenta resalto hidraúlico y socavación
E131: VOLVER A LA TABLA DE CONTENIDO

Sheet NECESIDADES PREVENTIVAS VIA
A1: INSTITUTO NACIONAL DE VIAS
A2: DIRECCION TERRITORIAL RISARALDA
A4: CUADRO No. 5
A6: NECESIDADES PREVENTIVAS DE LA VIA
A7: MANTENIMIENTO PERIODICO
A9: INGENIERO(S) RESIDENTE(S): JAEL DEL CARMEN MORIANO CORTES | F9: TRIMESTRE EVALUADO: ENERO 1 AL 31 DE MARZO
A11: CARRETERA | B11: CODIGO | C11: PR inicial | D11: PR final | E11: DESCRIPCION DE LA NECESIDAD | F11: COSTO ESTIMADO ($) | G11: OBSERVACIONES
A12: SANTA CECILIA - ASIA | B12: 5003 | C12: 72+0000 | D12: 73+0163 | E12: Pavimentación del tramo 72+000 al 73+163 | G12: Se debe incluir estudios y diseños pavimentación de la vía y diseño de transversales
A13: SANTA CECILIA - ASIA | B13: 5003 | C13: 77+0100 | E13: Mantenimiento sector: Viterbo - Asia PR 74+0900 AL PR 78+0550, Puente Peatonal Viterbo | G13: Se debe incluir estudios y diseños
A14: CERRITOS - CAUYA | B14: 2507 | C14: 39+500 | D14: 39+600 | E14: Estudio y diseños estabilidad de talud | G14: Se debe incluir estudios y diseños
A15: CERRITOS - CAUYA | B15: 2507 | C15: 42+280 | D15: 42+300 | E15: Construcción obras de protección y encausamiento Rio Risaralda | G15: Se debe incluir estudios y diseños
A16: CERRITOS - CAUYA | B16: 2507 | C16: 42+985 | D16: 43+000 | E16: Construcción obras de protección talud afectado por movimiento de masa y otras socavaciónes | G16: Se debe incluir estudios y diseños
A17: CERRITOS - CAUYA | B17: 2507 | C17: 44+700 | D17: 45+100 | E17: Reposición de Muro en gaviones y obras complementarias para encausamiento de la Quebrada Lázaro en el PR 45+000 de la vía 2507 | G17: Se debe incluir estudios y diseños
A18: CERRITOS - CAUYA | B18: 2507 | C18: 44+700 | D18: 45+100 | E18: Estudio y diseños estabilidad de talud | G18: Se debe incluir estudios y diseños
A19: CERRITOS - CAUYA | B19: 2507 | C19: 48+0100 | D19: 48+0100 | E19: Construcción de muro previo estudio en el PR 48+0100 de la vía 2507 | G19: Se debe incluir estudios y diseños
A20: CERRITOS - CAUYA | B20: 2507 | C20: 51+0950 | D20: 51+0950 | E20: Reposición de tubería de salida y construcción de Cabezote en alcantarilla en el PR 51+950 | G20: Se debe incluir estudios y diseños
A21: CERRITOS - CAUYA | B21: 2507 | C21: 55+0340 | D21: 55+0355 | E21: Construcción de baranda de protección en el PR 55+340 al PR 55+355 | G21: Se debe incluir estudios y diseños
A22: CERRITOS - CAUYA | B22: 2507 | C22: 45+0550 | D22: 550541 | E22: Rehabilitación de la ruta 2507, en los puntos criticos del PR 39+0000 al PR 55+0541 | G22: Se debe incluir estudios y diseños y tener en cuenta obras de contenciones
A23: APIA - LA VIRGINIA | B23: 50RS01 | C23: 31+200 | D23: 31+0950 | E23: Suministro e instalación de rejillas en concreto PR31+0900 vía 50RS01 Apia - La Virginia | G23: Se remite presupuesta de rejillas plásticas
A24: APIA - LA VIRGINIA | B24: 50RS01 | C24: 31+100 | D24: 31+000 | E24: Estudio y diseño muro de contención confinamiento de vía | G24: Se tiene estudios y diseños realizados por el contrato de obra N°3821
A25: APIA - LA VIRGINIA | B25: 50RS01 | C25: 25+200 | D25: 25+300 | E25: Se tiene depresión en la vía, determinar estabilidad del terreno | G25: Se observa movimiento de reptación del lado derecho en el sentido del abscisado de la vía, en el estudio de suelos analizar movimiento de placas
A26: APIA - LA VIRGINIA | B26: 50RS01 | C26: 13+350 | D26: 13+400 | E26: Estudio y diseño y construcción estabilización de talud | G26: Se tiene estudios y diseños realizados por el contrato de obra N°2415
A27: APIA - LA VIRGINIA | B27: 50RS01 | C27: 15+100 | D27: 15+110 | E27: Estudios y diseños estabilidad de talud
A28: PASO NACIONAL LA VIRGINIA | B28: 25RSA | C28: 0+200 | E28: Conexiones ilegales de aguas negras, arrastre de materila vegetal en la quebrada en especial tiempo de lluvias | G28: Se requiere a entidad de servicios públicos para canalizar aguas servidas y conexiones ilegales
A29: PEREIRA - CHINCHINA | B29: 2902 | C29: 1+800 | E29: Estudio capacidad hidraúlica, repotenciación puente | G29: Se requiere diseños y estudios, en apoyo con mpio se realiza jornadas de limpieza de material de arrastre y desechos vertidos por la comunidad
A30: PEREIRA - CHINCHINA | B30: 2902 | C30: 4+750 | E30: Estudio capacidad hidraúlica, repotenciación puente | G30: Se requiere diseños y estudios, ctva Altagracia realiza jornadas de limpieza de material de arrastre y desechos vertidos por la comunidad,
A31: PEREIRA - CHINCHINA | B31: 2902 | C31: 5+213 | E31: Estudio capacidad hidraúlica, repotenciación puente, estabilidad de talud | G31: Se requiere diseños y estudios,
A32: PEREIRA - CHINCHINA | B32: 2902 | C32: 5+450 | E32: Estudio capacidad hidraúlica | G32: Se requiere diseños y estudios, en apoyo con Secretaria de tránsito de Mpio se instala hitos, evitando la caída o derrape de vehiculos o peatones,
A36: LOS VALORES REGISTRADOS EN LA COLUMNA COSTO ESTIMADO, DEBEN ESTAR ENLAZADOS CON EL HIPERVINCULO DEL CUADRO No. 7 "CALCULO DE CANTIDADES Y COSTOS ESTIMADOS DE NECESIDADES DE LAS VIAS", RESPECTIVO.
A37: NOTA (1): El costo debe incluir AIU e IVA (16% sobre utilidades) | F37: VOLVER A TABLA DE CONTENIDO

Sheet NECESIDADES CRITICAS VIA
A1: INSTITUTO NACIONAL DE VIAS
A2: DIRECCION TERRITORIAL TERRITORIAL
A4: CUADRO No. 6
A6: NECESIDADES CRITICAS DE LAS VIAS
A7: MANTENIMIENTO PERIODICO
A10: INGENIERO(S) RESIDENTE(S): JAEL DEL CARMEN MORIANO CORTES | F10: =+'NECESIDADES PREVENTIVAS VIA'!F9 -> TRIMESTRE EVALUADO: ENERO 1 AL 31 DE MARZO
A12: CARRETERA | B12: CODIGO | C12: PR inicial | D12: PR final | E12: DESCRIPCION DE LA NECESIDAD | F12: COSTO ESTIMADO ($) | G12: OBSERVACIONES
A13: APIA - LA VIRGINIA | B13: 50RS01 | C13: 13+0000 | D13: 13+0350 | E13: Talud en riesgo de deslizamiento de masa PR 13+0000 al PR 13+0350 | G13: Se presento deslizamiento menor, se mitigo con mto rutinario,
A14: APIA - LA VIRGINIA | B14: 50RS01 | C14: 31+0000 | D14: 31+0010 | E14: Se presenta socavación en la ribera del río | G14: Se presenta socavación de la ribera del río donde se ubica la via ocasionando grietas
A15: CERRITOS - CAUYA | B15: 2507 | C15: 48+065 | D15: 48+065 | E15: Recuperación de la banca mediante la reposicion de tubos para alcantarilla de 36" | G15: Se remitio presupuesto para esta labor
A16: CERRITOS - CAUYA | B16: 2507 | C16: 37+0180 | D16: 55+0541 | E16: Obras de mejoramiento y mantenimiento PR 37+0180 al PR 55+0541 | G16: Se ha realizado jornada de tapahuecos, sin embargo la malla vial presenta deterioro de tipo piel de cocodrilo y fisuras estructurales
A17: CERRITOS - CAUYA | B17: 2507 | C17: 44+700 | D17: 45+100 | E17: Reposición de Muro en gaviones y obras complementarias para encausamiento de la Quebrada Lázaro en el PR 45+000 de la vía 2507 | G17: Se debe incluir estudios y diseños
A18: CERRITOS - CAUYA | B18: 2507 | C18: 44+700 | D18: 45+100 | E18: Estudio y diseños estabilidad de talud | G18: Se debe incluir estudios y diseños
A19: PEREIRA - CHINCHINA | B19: 2902 | C19: =+'NECESIDADES PREVENTIVAS VIA'!C31 -> 5+213 | E19: Estudio capacidad hidraúlica, repotenciación puente, estabilidad de talud | G19: Se requiere diseños y estudios,
A31: LOS VALORES REGISTRADOS EN LA COLUMNA COSTO ESTIMADO, DEBEN ESTAR ENLAZADOS CON EL HIPERVINCULO DEL CUADRO No. 7 "CALCULO DE CANTIDADES Y COSTOS ESTIMADOS DE NECESIDADES DE LAS VIAS", RESPECTIVO.
A32: NOTA (1): El costo debe incluir AIU e IVA (16% sobre utilidades) | F32: VOLVER A TABLA DE CONTENIDO

Sheet CANT OBRA
A1: INSTITUTO NACIONAL DE VIAS
A2: DIRECCION TERRITORIAL RISARALDA
A3: CUADRO No. 7
A5: CALCULO DE CANTIDADES Y COSTOS ESTIMADOS DE NECESIDADES
A6: DE LAS VIAS (PREVENTIVAS Ó CRITICAS Ó PUENTES Ó PONTONES)
A7: INGENIERO(S) RESIDENTE(S): JAEL DEL CARMEN MORIANO CORTES | G7: TRIMESTRE EVALUADO: ENE-FEB-MAR
A8: CARRETERA: | E8: SECTOR:
A10: ITEM DE PAGO | B10: ESPECIFICACIONES
B11: GENERAL | C11: PARTICULAR | D11: DESCRIPCION | E11: UND. | F11: CANTIDAD | G11: VALOR UNITARIO ( $ ) | H11: VALOR TOTAL ( $ )
A13: 1. Descripción de la actividad ( Ejemplo): Fresado y adición de base granular entre los PR 20 y PR 35
F20: VALOR BASICO
F21: VALOR IVA (19% SOBRE UTILIDADES)
F22: VALOR TOTAL DE LA OBRA
A24: 2. Descripción de la actividad (Ejemplo): Reparación del talud superior del PR 59+400
F32: VALOR BASICO
F33: VALOR IVA (19% SOBRE UTILIDADES)
F34: VALOR TOTAL DE LA OBRA
F35: TOTAL POR TRAMO
D39: Administrador Vial | F39: Vo.Bo. DirectorTerritorial
A41: NOTA : Se deben presentar cuadros No. 7 del cálculo de cantidades y costos cantidades por separado para necesidades preventivas, para necesidades criticas, para necesidades de puentes, para necesidades de pontones, siendo los soportes de cada uno de estos cuadros. Las necesidades de señalización se deben indicar sólo en los cuadros No.15 y 16. Los precios unitarios deben coincidir con los del programa de APU. En caso de encontrar precios no reportados o de requerirse actualización, se debe enviar el respectivo análisis de precios unitarios.
G44: VOLVER A TABLA DE CONTENIDO

Sheet INF. EMERGENCIAS
A1: INSTITUTO NACIONAL DE VIAS
A2: DIRECCION TERRITORIAL RISARALDA
A4: CUADRO No.8
A6: INFORMACION SOBRE EMERGENCIAS
A8: INGENIERO(S) RESIDENTE(S): JAEL DEL CARMEN MORIANO CORTES | G8: =+'CANT OBRA'!G7 -> TRIMESTRE EVALUADO: ENE-FEB-MAR
A10: FECHA | B10: CARRETERA | C10: CODIGO | D10: PRi | E10: PRf | F10: TIPO DE EMERGENCIA | G10: SOLUCION | H10: COSTO ESTIMADO ($) | I10: OBSERVACIONES
B11: CERRITOS -CAUYA | C11: 2507 | D11: 39+500 | E11: 39+520 | F11: Movimiento de tierra | G11: Corte y retiro de material | I11: Labor realizada por la cooperativa de trabajo comuneros
B12: CERRITOS -CAUYA | C12: 2507 | D12: 42+800 | E12: 42+810 | F12: Movimiento de tierra | G12: Corte y retiro de material | I12: Labor realizada por la cooperativa de trabajo comuneros
A13: 45706 | B13: CERRITOS -CAUYA | C13: 2507 | D13: 44+900 | E13: 44+950 | F13: Movimiento de tierra | G13: Corte y retiro de material | I13: Labor realizada por la cooperativa de trabajo comuneros, apoyo de Municipio de Anserma
A14: 45741 | B14: CERRITOS -CAUYA | C14: 5003 | D14: 74+000 | F14: caida de árbol | G14: Corte de árbol | I14: El corte y retiro de árbol lo realizo la cooperativa de trabajo Comuneros
A15: 45732 | B15: APIA - LA VIRGINIA | C15: 50RS01 | D15: 14+100 | F15: Movimiento de tierra | G15: Corte y retiro de material | I15: Labor realizada por la cooperativa de trabajo Centro
A16: 45732 | B16: APIA - LA VIRGINIA | C16: 50RS01 | D16: 14+700 | F16: Movimiento de tierra | G16: Corte y retiro de material | I16: Labor realizada por la cooperativa de trabajo Centro
A17: 45732 | B17: APIA - LA VIRGINIA | C17: 50RS01 | D17: 15+100 | F17: Movimiento de tierra | G17: Corte y retiro de material | I17: Labor realizada por la cooperativa de trabajo Centro
A18: 45732 | B18: APIA - LA VIRGINIA | C18: 50RS01 | D18: 16+350 | F18: Movimiento de tierra | G18: Corte y retiro de material | I18: Labor realizada por la cooperativa de trabajo Centro
A19: 45732 | B19: APIA - LA VIRGINIA | C19: 50RS01 | D19: 13+350 | F19: Movimiento de tierra | G19: Corte y retiro de material | I19: Labor realizada por la cooperativa de trabajo Centro
A20: 45741 | B20: APIA - LA VIRGINIA | C20: 50RS01 | D20: 25+550 | F20: caida de árbol | G20: Corte de árbol | I20: El corte y retiro de árbol lo realizo la cooperativa de trabajo Centro
A21: 45746 | B21: APIA - LA VIRGINIA | C21: 50RS01 | D21: 20+400 | F21: Movimiento de tierra | G21: Corte y retiro de material | I21: Labor realizada por la cooperativa de trabajo Centro
A22: 45747 | B22: APIA - LA VIRGINIA | C22: 50RS01 | D22: 19+700 | F22: caida de árbol | G22: Corte de árbol | I22: El corte y retiro de árbol lo realizo la cooperativa de trabajo Centro
A23: 45747 | B23: APIA - LA VIRGINIA | C23: 50RS01 | D23: 21+250 | F23: caida de árbol | G23: Corte de árbol | I23: El corte y retiro de árbol lo realizo la cooperativa de trabajo Centro
A30: NOTA (1): El costo debe incluir AIU e IVA (16% sobre utilidades)
H31: VOLVER A TABLA DE CONTENIDO

Sheet ESTADO PUENTES
A1: INSTITUTO NACIONAL DE VIAS
A2: DIRECCION TERRITORIAL RISARALDA
A4: CUADRO No. 9
A6: ESTADO GENERAL DE LOS PUENTES
A8: INGENIERO(S) RESIDENTE(S): JAEL DEL CARMEN MORIANO CORTES | J8: TRIMESTRE EVALUADO: ENE-FEB-MAR
A10: No. | B10: NOMBRE DEL PUENTE | C10: PR inicial | D10: PR final | E10: Longitud (m) | F10: CARRETERA | G10: CODIGO DE LA VIA | H10: TRANSITO | J10: ESTADO GENERAL | N10: OBSERVACIONES
H11: Normal | I11: Restringido | J11: Estribos Aletas | K11: Vigas Losas | L11: Barandas | M11: Estado crítico inmediato
A12: 1 | B12: Viaducto Dosquebradas (Sección de aproximación recta). | C12: 0+0000 | D12: 0+0182 | E12: 182.6 | F12: Solución Vial Pereira - Dos Quebradas | G12: 29RSA | N12: Se requiere acompañamiento permanente de policia, la zona presenta bandalismo.
A13: 2 | B13: Viaducto Dosquebradas (Sección puente atirantado) | C13: 0+0182 | D13: 0+0621 | E13: 439 | F13: Solución Vial Pereira - Dos Quebradas | G13: 29RSA | N13: Se requiere acompañamiento permanente de policia, la zona presenta bandalismo.
A14: 3 | B14: Viaducto Dosquebradas (sección de aproximación curva) | C14: 0+0621 | D14: 0+0752 | E14: 130.8 | F14: Solución Vial Pereira - Dos Quebradas | G14: 29RSA | N14: Se requiere acompañamiento permanente de policia, la zona presenta bandalismo.
A15: 4 | B15: Paso a desnivel (Nicole) | C15: 0+0752 | D15: 0+0793 | E15: 41.2 | F15: Solución Vial Pereira - Dos Quebradas | G15: 29RSA | N15: Se requiere acompañamiento permanente de policia, la zona presenta bandalismo.
A16: 5 | B16: Viterbo | C16: 77+0072 | D16: 77+0133 | E16: 60.9 | F16: Santa Cecilia - Asia | G16: 5003 | N16: La reparación de este puente se encuentra dentro del alcance del cto de obra 4161, el cual se encuentra con ejecución con fecha de finalización 31/07/25
A17: 6 | B17: Totui | C17: 25+0521 | D17: 25+554 | E17: 33.4 | F17: Apia - La Virginia | G17: 50RS01 | N17: Presenta desplazamiento en sus barandas
A18: 7 | B18: Mocatan | C18: 31+0139 | D18: 31+090 | E18: 50.3 | F18: Apia - La Vitginia | G18: 50RS01 | N18: Presenta socavación en pila central,
A19: 8 | B19: San Vicente | C19: 39+0042 | D19: 30+0057 | E19: 14.9 | F19: Cerritos - Cauyá | G19: 2507 | N19: Presenta deterioro en barandas/elementos metálicos
A20: 9 | B20: Lázaro | C20: 45+0304 | D20: 45+0405 | E20: 10.85 | F20: Cerritos - Cauyá | G20: 2507 | N20: Presenta deterioro en barandas/elementos metálicos
A21: 10 | B21: Tusas | C21: 50+0894 | D21: 50+0905 | E21: 11.9 | F21: Cerritos - Cauyá | G21: 2507 | N21: Presenta deterioro en barandas/elementos metálicos
B23: CONVENCIONES:
B24: N.E. : No existe | F24: En buen estado | G24: En regular estado | J24: En mal estado | M24: x | N24: Se reparó en el presente mes
A27: NOTA: Se deben diligenciar todas las casillas.
L28: VOLVER A TABLA DE CONTENIDO

Sheet NECESIDADES PTES
A1: INSTITUTO NACIONAL DE VIAS
A2: DIRECCION TERRITORIAL RISARALDA
A3: CUADRO No. 10
A5: PRIORIZACION PUENTES QUE REQUIEREN ATENCION - REHABILITACION Y CONSERVACION
A8: INGENIERO(S) RESIDENTE(S): JAEL DEL CARMEN MORIANO CORTES | I8: TRIMESTRE EVALUADO: ENE-FEB-MAR
A10: No. | B10: TERRITORIAL | C10: CODIGO DEL PUENTE (Sipucol) | D10: NOMBRE DEL PUENTE | E10: CALIFICACION | F10: TPDS | G10: LONG. (m) | H10: CARRETERA | I10: PR inicial | J10: PR final | K10: TIPO DAÑO | L10: DESCRIPCION DE LOS TRABAJOS | M10: COSTO APROXIMADO | O10: OBSERVACIONES
M11: $
M12: ESTUDIOS | N12: OBRA
A13: 1 | B13: RISARALDA | C13: 21-2507-003.00 | D13: SAN VICENTE | E13: 2 | F13: 10781 | G13: 14.9 | H13: =MID(C13,4,4) -> 2507 | I13: 39+0042 | J13: 39+0057 | K13: Barandas sueltas y corrosión | L13: Mantenimiento
A14: 2 | B14: RISARALDA | C14: 21-2507-004.00 | D14: LAZARO | E14: 2 | F14: 10781 | G14: 10.85 | H14: =MID(C14,4,4) -> 2507 | I14: 45+0394 | J14: 45+0405 | K14: Barandas sueltas y corrosión | L14: Mantenimiento
A15: 3 | B15: RISARALDA | C15: 21-50RS01-006.00 | D15: TOTUÍ | E15: 1 | F15: 3714 | G15: 33.1 | H15: =MID(C15,4,6) -> 50RS01 | I15: 250536 | J15: 250569 | K15: Barandas desplazadas, presentan corrosión | L15: Mantenimiento y remplazo piezas metálicas
A16: 4 | B16: RISARALDA | C16: 21-50RS01-007.00 | D16: MOCATAN | E16: 3 | F16: 3714 | G16: 50.3 | H16: =MID(C16,4,6) -> 50RS01 | I16: 31+0139 | J16: 31+0190 | K16: Se requier estudios y diseños respecto a socavación de pila central. | L16: Elaboración de estudios y diseños, con ello presupuestar obra
A34: LOS VALORES REGISTRADOS EN LA COLUMNA COSTO ESTIMADO, DEBEN ESTAR ENLAZADOS CON EL HIPERVINCULO DEL CUADRO No. 7 "CALCULO DE CANTIDADES Y COSTOS ESTIMADOS DE NECESIDADES DE LAS VIAS", RESPECTIVO.
L35: Valor Interven. | N35: =0.2*(N33-N34) -> 0
L37: Valor Necesidades | N37: =+N33-N34+N35 -> 0
M39: VOLVER A TABLA DE CONTENIDO

Sheet ESTADO PONTONES
A1: INSTITUTO NACIONAL DE VIAS
A2: DIRECCION TERRITORIAL TERRITORIAL
A4: CUADRO No. 11
A6: ESTADO GENERAL DE LOS PONTONES
A9: INGENIERO(S) RESIDENTE(S): JAEL DEL CARMEN MORIANO CORTES | I9: TRIMESTRE EVALUADO: ENE-FEB-MAR
F11: TRANSITO | H11: ESTADO GENERAL
A12: No. | B12: PR inicial | C12: PR final | D12: CARRETERA | E12: CODIGO | F12: Normal | G12: Restringido | H12: Estribos Aletas | I12: Vigas Losas | J12: Barandas | K12: Estado crítico inmediato | L12: OBSERVACIONES
A13: 1 | B13: 39+0206 | C13: 39+0226 | D13: Cerritos - Cauyá | E13: 2507 | J13: N.E | L13: Requiere instalación de barandas
A14: 2 | B14: 41+0121 | C14: 41+0129 | D14: Cerritos - Cauyá | E14: 2507 | J14: N.E | L14: Presenta deflexión de vigas
A15: 3 | B15: 42+0575 | C15: 42+0580 | D15: Cerritos - Cauyá | E15: 2507 | L15: Requiere instalación de barandas
A16: 4 | B16: 43+0589 | C16: 43+0593 | D16: Cerritos - Cauyá | E16: 2507 | J16: N.E | L16: Requiere instalación de barandas
A17: 5 | B17: 47+0449 | C17: 47+0455 | D17: Cerritos - Cauyá | E17: 2507 | J17: N.E | L17: Requiere instalación de barandas
A18: 6 | B18: 54+978 | C18: 54+984 | D18: Cerritos - Cauyá | E18: 2507 | L18: Requiere instalación de barandas
A19: 7 | B19: 1+0385 | C19: 1+0388 | D19: Pereira - Chinchiná | E19: 2902 | L19: Requiere instalación de barandas
A20: 8 | B20: 1+0806 | C20: 1+0809 | D20: Pereira - Chinchiná | E20: 2902 | L20: Requiere instalación de barandas, incrementar capacidad hidraúlica
A21: 9 | B21: 3+0504 | C21: 3+0508 | D21: Pereira - Chinchiná | E21: 2902 | L21: Requiere instalación de barandas
A22: 10 | B22: 4+0105 | C22: 4+0111 | D22: Pereira - Chinchiná | E22: 2902 | L22: Requiere instalación de barandas
A23: 11 | B23: 4+0755 | C23: 4+0761 | D23: Pereira - Chinchiná | E23: 2902 | L23: Requiere instalación de barandas, revisar capacidad hidraúlcia
A24: 12 | B24: 5+0476 | C24: 5+0482 | D24: Pereira - Chinchiná | E24: 2902 | L24: Pintura de barandas y mantenimiento
A25: 13 | B25: 77+0525 | C25: 77+0534 | D25: Santa Cecilia - Asia | E25: 5003
A26: 14 | B26: 77+0910 | C26: 77+0916 | D26: Santa Cecilia - Asia | E26: 5003 | L26: Capacidad hidraúlica menor a lo solicitado, mantenimiento de pintura
A27: 15 | B27: 13+0900 | C27: 13+0904 | D27: Apía - La Virginia | E27: 50RS01 | L27: Mentenimiento de pintura
A28: 16 | B28: 18+0620 | C28: 18+0628 | D28: Apía - La Virginia | E28: 50RS01 | L28: Mentenimiento de pintura
A30: CONVENCIONES:
A31: N.E. : No existe | D31: En buen estado | E31: En regular estado | H31: En mal estado | K31: x | L31: Se reparó en el presente mes
A34: NOTA: Se deben diligenciar todas las casillas. | K34: VOLVER A TABLA DE CONTENIDO

Sheet NEC. PONTONES
A1: INSTITUTO NACIONAL DE VIAS
A2: DIRECCION TERRITORIAL RISARALDA
A4: CUADRO No. 12
A6: NECESIDADES DE LOS PONTONES
A9: INGENIERO(S) RESIDENTE(S): JAEL MORIANO CORTES | E9: TRIMESTRE EVALUADO: | F9: ENE-FEB-MAR
A11: CARRETERA | B11: CODIGO | C11: PR inicial | D11: PR final | E11: DESCRIPCION DE LA NECESIDAD | F11: COSTO ESTIMADO ($) | G11: OBSERVACIONES
A12: PEREIRA - CHINCHINA | B12: 2902 | C12: 4+0755 | D12: 4+0761 | E12: Pintura, estudio y diseño reducción resalto hidraúlico | F12: 152320000 | G12: Acorde a diseños se procede a presupuestar
A25: LOS VALORES REGISTRADOS EN LA COLUMNA COSTO ESTIMADO, DEBEN ESTAR ENLAZADOS CON EL HIPERVINCULO DEL CUADRO No. 7 "CALCULO DE CANTIDADES Y COSTOS ESTIMADOS DE NECESIDADES DE LAS VIAS", RESPECTIVO.
A26: NOTA (1): El costo debe incluir AIU e IVA (16% sobre utilidades)
A27: Se deben diligenciar todas las casillas. | F27: VOLVER A TABLA DE CONTENIDO

Sheet ESTADO TUNELES
A1: INSTITUTO NACIONAL DE VIAS
A2: DIRECCION TERRITORIAL RISARALDA
A4: CUADRO No. 13
A6: ESTADO GENERAL DE LOS TUNELES
A8: INGENIERO(S) RESIDENTE(S): JAEL DEL CARMEN MORIANO CORTES | N8: TRIMESTRE EVALUADO: ENE-FEB-MAR
A11: CARRETERA | B11: CODIGO | C11: NOMBRE DEL TUNEL | D11: LOCALIZACIÓN | G11: TIPO TUNEL | H11: ESTADO GENERAL | T11: OBSERVACIONES
D12: PR inicial | E12: PR final | F12: LONG. TOTAL (m) | H12: ILUMINACIÓN | I12: VENTILACIÓN | J12: SEÑALIZACIÓN | M12: HASTIAL IZQUIERDO | N12: HASTIAL DERECHO | O12: BOVEDA | P12: RASANTE | Q12: SISTEMA DE DRENAJE | R12: PUESTOS DE EMERGENCIA | S12: PROTECCIÓN CONTRA INCENDIOS
J13: HORIZONTAL | K13: VERTICAL | L13: No. SEÑALES FALTANTES
A14: N.E | B14: N.E | C14: N.E | D14: N.E | E14: N.E | F14: N.E | G14: N.E | H14: N.E | I14: N.E | J14: N.E | K14: N.E | L14: N.E | M14: N.E | N14: N.E | O14: N.E | P14: N.E | Q14: N.E | R14: N.E | S14: N.E | T14: N.E
A31: N.E. : No existe | C31: En buen estado | F31: En regular estado | I31: En mal estado | L31: x | M31: Se reparó en el presente mes
Q32: VOLVER A TABLA DE CONTENIDO
A33: TIPO TUNEL: | B33: UNIDIRECCIONAL
B34: BIDIRECCIONAL

Sheet NECESIDADES EN TÚNELES
A1: INSTITUTO NACIONAL DE VIAS
A2: DIRECCION TERRITORIAL RISARALDA
A4: CUADRO No. 14
A6: NECESIDADES DE LOS TUNELES
A8: INGENIERO(S) RESIDENTE(S): JAEL DEL CARMEN MORIANO CORTES | H8: TRIMESTRE EVALUADO: ENE-FEB-MAR
A11: CARRETERA | B11: CODIGO | C11: NOMBRE TUNEL | D11: LOCALIZACIÓN | G11: TIPO DAÑO | H11: DESCRIPCIÓN DE LOS TRABAJOS | I11: COSTO APROXIMADO ( $ ) | K11: OBSERVACIONES
D12: PR inicial | E12: PR final | F12: LONG. TOTAL (m)
I13: ESTUDIOS | J13: OBRA
A14: N.E | B14: N.E | C14: N.E | D14: N,E | E14: N,E | F14: N,E | G14: N,E | H14: N,E | I14: N,E | J14: N,E | K14: N,E
A29: LOS VALORES REGISTRADOS EN LA COLUMNA COSTO ESTIMADO, DEBEN ESTAR ENLAZADOS CON EL HIPERVINCULO DEL CUADRO No. 7 "CALCULO DE CANTIDADES Y COSTOS ESTIMADOS DE NECESIDADES DE LAS VIAS", RESPECTIVO.
J31: VOLVER A TABLA DE CONTENIDO

Sheet Señalización Vertical
A1: INSTITUTO NACIONAL DE VIAS
A2: DIRECCION TERRITORIALRISARALDA
A3: CUADRO No.15
A4: ESTADO DE LA SEÑALIZACION VERTICAL Y SEÑALIZACION VERTICAL FALTANTE.
A6: RUTA: 25 | R6: TRAMO:07
D8: SEÑALES SP, SR Y SI | H8: PASAVIAS | L8: SEÑALES TIPO BANDERA | P8: SEÑALES SI 05 Y SI 06 | T8: DELINEADORES DE CURVA | X8: POSTES DE REFERENCIACIÓN | AB8: DEFENSAS METÁLICAS
A9: RUTA | B9: TRAMO | C9: Km. | D9: B | E9: R | F9: M | G9: F | H9: B | I9: R | J9: M | K9: F | L9: B | M9: R | N9: M | O9: F | P9: B | Q9: R | R9: M | S9: F | T9: B | U9: R | V9: M | W9: F | X9: B | Y9: R | Z9: M | AA9: F | AB9: B | AC9: R | AD9: M | AE9: F
D10: Und | E10: Und | F10: Und | G10: Und | H10: Und | I10: Und | J10: Und | K10: Und | L10: Und | M10: Und | N10: Und | O10: Und | P10: Und | Q10: Und | R10: Und | S10: Und | T10: Und | U10: Und | V10: Und | W10: Und | X10: Und | Y10: Und | Z10: Und | AA10: Und | AB10: ml | AC10: ml | AD10: ml | AE10: ml
A11: (1) | B11: (2) | C11: (3) | D11: (4) | E11: (5) | F11: (6) | G11: (7) | H11: (8) | I11: (9) | J11: (10) | K11: (11) | L11: (12) | M11: (13) | N11: (14) | O11: (15) | P11: (16) | Q11: (17) | R11: (18) | S11: (19) | T11: (20) | U11: (21) | V11: (22) | W11: (23) | X11: (24) | Y11: (25) | Z11: (26) | AA11: (27) | AB11: (28) | AC11: (29) | AD11: (30) | AE11: (31)
A12: 25 | B12: 07 | C12: =+'TORTA EST. VIAS TEC'!K42 -> 18.242 | D12: 5 | E12: 15 | F12: 120 | G12: 50 | H12: 0 | I12: 0 | J12: 0 | K12: 3 | L12: 0 | M12: 0 | N12: 3 | O12: 4 | P12: 0 | Q12: 0 | R12: 6 | S12: 4 | T12: 0 | U12: 0 | V12: 120 | W12: 90 | X12: 0 | Y12: 0 | Z12: 19 | AA12: 1 | AB12: 0 | AC12: 0 | AD12: 1250 | AE12: 750
A18: TOTALES: | D18: =SUM(D12:D17) -> 5 | E18: =SUM(E12:E17) -> 15 | F18: =SUM(F12:F17) -> 120 | G18: =SUM(G12:G17) -> 50 | H18: =SUM(H12:H17) -> 0 | I18: =SUM(I12:I17) -> 0 | J18: =SUM(J12:J17) -> 0 | K18: =SUM(K12:K17) -> 3 | ... AE18: =SUM(AE12:AE17) -> 750
A20: RUTA: 25 | R20: TRAMO:RSA
D22: SEÑALES SP, SR Y SI | H22: PASAVIAS | L22: SEÑALES TIPO BANDERA | P22: SEÑALES SI 05 Y SI 06 | T22: DELINEADORES DE CURVA | X22: POSTES DE REFERENCIACIÓN | AB22: DEFENSAS METÁLICAS
A23: RUTA | B23: TRAMO | C23: Km. | D23: B | E23: R | F23: M | G23: F | H23: B | I23: R | J23: M | K23: F | L23: B | M23: R | N23: M | O23: F | P23: B | Q23: R | R23: M | S23: F | T23: B | U23: R | V23: M | W23: F | X23: B | Y23: R | Z23: M | AA23: F | AB23: B | AC23: R | AD23: M | AE23: F
D24: Und | E24: Und | F24: Und | G24: Und | H24: Und | I24: Und | J24: Und | K24: Und | L24: Und | M24: Und | N24: Und | O24: Und | P24: Und | Q24: Und | R24: Und | S24: Und | T24: Und | U24: Und | V24: Und | W24: Und | X24: Und | Y24: Und | Z24: Und | AA24: Und | AB24: ml | AC24: ml | AD24: ml | AE24: ml
A25: (1) | B25: (2) | C25: (3) | D25: (4) | E25: (5) | F25: (6) | G25: (7) | H25: (8) | I25: (9) | J25: (10) | K25: (11) | L25: (12) | M25: (13) | N25: (14) | O25: (15) | P25: (16) | Q25: (17) | R25: (18) | S25: (19) | T25: (20) | U25: (21) | V25: (22) | W25: (23) | X25: (24) | Y25: (25) | Z25: (26) | AA25: (27) | AB25: (28) | AC25: (29) | AD25: (30) | AE25: (31)
A26: 25 | B26: RSA | C26: 4.437 | D26: 45 | E26: 57 | F26: 11 | G26: 10 | H26: 0 | I26: 0 | J26: 0 | K26: 2 | L26: 0 | M26: 0 | N26: 8 | O26: 2 | P26: 0 | Q26: 0 | R26: 3 | S26: 1 | T26: 0 | U26: 0 | V26: 0 | W26: 15 | X26: 0 | Y26: 0 | Z26: 5 | AA26: 0 | AB26: 0 | AC26: 0 | AD26: 12 | AE26: 770
A31: TOTALES: | D31: =SUM(D26:D30) -> 45 | E31: =SUM(E26:E30) -> 57 | F31: =SUM(F26:F30) -> 11 | G31: =SUM(G26:G30) -> 10 | H31: =SUM(H26:H30) -> 0 | I31: =SUM(I26:I30) -> 0 | J31: =SUM(J26:J30) -> 0 | K31: =SUM(K26:K30) -> 2 | ... AE31: =SUM(AE26:AE30) -> 770
A33: RUTA: 29 | R33: TRAMO:02
D35: SEÑALES SP, SR Y SI | H35: PASAVIAS | L35: SEÑALES TIPO BANDERA | P35: SEÑALES SI 05 Y SI 06 | T35: DELINEADORES DE CURVA | X35: POSTES DE REFERENCIACIÓN | AB35: DEFENSAS METÁLICAS
A36: RUTA | B36: TRAMO | C36: Km. | D36: B | E36: R | F36: M | G36: F | H36: B | I36: R | J36: M | K36: F | L36: B | M36: R | N36: M | O36: F | P36: B | Q36: R | R36: M | S36: F | T36: B | U36: R | V36: M | W36: F | X36: B | Y36: R | Z36: M | AA36: F | AB36: B | AC36: R | AD36: M | AE36: F
D37: Und | E37: Und | F37: Und | G37: Und | H37: Und | I37: Und | J37: Und | K37: Und | L37: Und | M37: Und | N37: Und | O37: Und | P37: Und | Q37: Und | R37: Und | S37: Und | T37: Und | U37: Und | V37: Und | W37: Und | X37: Und | Y37: Und | Z37: Und | AA37: Und | AB37: ml | AC37: ml | AD37: ml | AE37: ml
A38: (1) | B38: (2) | C38: (3) | D38: (4) | E38: (5) | F38: (6) | G38: (7) | H38: (8) | I38: (9) | J38: (10) | K38: (11) | L38: (12) | M38: (13) | N38: (14) | O38: (15) | P38: (16) | Q38: (17) | R38: (18) | S38: (19) | T38: (20) | U38: (21) | V38: (22) | W38: (23) | X38: (24) | Y38: (25) | Z38: (26) | AA38: (27) | AB38: (28) | AC38: (29) | AD38: (30) | AE38: (31)
A39: 29 | B39: 02 | C39: 5.8 | D39: 0 | E39: 0 | F39: =192+4+27 -> 223 | G39: 24 | H39: 0 | I39: 0 | J39: 7 | K39: 2 | L39: 0 | M39: 0 | N39: 2 | O39: 4 | P39: 0 | Q39: 0 | R39: 14 | S39: 5 | T39: 0 | U39: 0 | V39: 0 | W39: 0 | X39: 0 | Y39: 0 | Z39: 0 | AA39: 7 | AB39: 0 | AC39: 0 | AD39: 26 | AE39: 550
A43: TOTALES: | D43: =SUM(D39:D42) -> 0 | E43: =SUM(E39:E42) -> 0 | F43: =SUM(F39:F42) -> 223 | G43: =SUM(G39:G42) -> 24 | H43: =SUM(H39:H42) -> 0 | I43: =SUM(I39:I42) -> 0 | J43: =SUM(J39:J42) -> 7 | K43: =SUM(K39:K42) -> 2 | ... AE43: =SUM(AE39:AE42) -> 550
A45: RUTA: 29 | R45: TRAMO:RSA
D47: SEÑALES SP, SR Y SI | H47: PASAVIAS | L47: SEÑALES TIPO BANDERA | P47: SEÑALES SI 05 Y SI 06 | T47: DELINEADORES DE CURVA | X47: POSTES DE REFERENCIACIÓN | AB47: DEFENSAS METÁLICAS
A48: RUTA | B48: TRAMO | C48: Km. | D48: B | E48: R | F48: M | G48: F | H48: B | I48: R | J48: M | K48: F | L48: B | M48: R | N48: M | O48: F | P48: B | Q48: R | R48: M | S48: F | T48: B | U48: R | V48: M | W48: F | X48: B | Y48: R | Z48: M | AA48: F | AB48: B | AC48: R | AD48: M | AE48: F
D49: Und | E49: Und | F49: Und | G49: Und | H49: Und | I49: Und | J49: Und | K49: Und | L49: Und | M49: Und | N49: Und | O49: Und | P49: Und | Q49: Und | R49: Und | S49: Und | T49: Und | U49: Und | V49: Und | W49: Und | X49: Und | Y49: Und | Z49: Und | AA49: Und | AB49: ml | AC49: ml | AD49: ml | AE49: ml
A50: (1) | B50: (2) | C50: (3) | D50: (4) | E50: (5) | F50: (6) | G50: (7) | H50: (8) | I50: (9) | J50: (10) | K50: (11) | L50: (12) | M50: (13) | N50: (14) | O50: (15) | P50: (16) | Q50: (17) | R50: (18) | S50: (19) | T50: (20) | U50: (21) | V50: (22) | W50: (23) | X50: (24) | Y50: (25) | Z50: (26) | AA50: (27) | AB50: (28) | AC50: (29) | AD50: (30) | AE50: (31)
A51: 29 | B51: RSA | C51: 5.7 | D51: 0 | E51: 0 | F51: 31 | G51: 15 | H51: 0 | I51: 0 | J51: 0 | K51: 2 | L51: 0 | M51: 0 | N51: 0 | O51: 6 | P51: 0 | Q51: 0 | R51: 0 | S51: 6 | T51: 0 | U51: 0 | V51: 0 | W51: 120 | X51: 0 | Y51: 0 | Z51: 0 | AA51: 0 | AB51: 0 | AC51: 52 | AD51: 1885 | AE51: 0
A54: TOTALES: | D54: =SUM(D51:D53) -> 0 | E54: =SUM(E51:E53) -> 0 | F54: =SUM(F51:F53) -> 31 | G54: =SUM(G51:G53) -> 15 | H54: =SUM(H51:H53) -> 0 | I54: =SUM(I51:I53) -> 0 | J54: =SUM(J51:J53) -> 0 | K54: =SUM(K51:K53) -> 2 | ... AE54: =SUM(AE51:AE53) -> 0
A56: RUTA: 29 | R56: TRAMO:RSB
D58: SEÑALES SP, SR Y SI | H58: PASAVIAS | L58: SEÑALES TIPO BANDERA | P58: SEÑALES SI 05 Y SI 06 | T58: DELINEADORES DE CURVA | X58: POSTES DE REFERENCIACIÓN | AB58: DEFENSAS METÁLICAS
A59: RUTA | B59: TRAMO | C59: Km. | D59: B | E59: R | F59: M | G59: F | H59: B | I59: R | J59: M | K59: F | L59: B | M59: R | N59: M | O59: F | P59: B | Q59: R | R59: M | S59: F | T59: B | U59: R | V59: M | W59: F | X59: B | Y59: R | Z59: M | AA59: F | AB59: B | AC59: R | AD59: M | AE59: F
D60: Und | E60: Und | F60: Und | G60: Und | H60: Und | I60: Und | J60: Und | K60: Und | L60: Und | M60: Und | N60: Und | O60: Und | P60: Und | Q60: Und | R60: Und | S60: Und | T60: Und | U60: Und | V60: Und | W60: Und | X60: Und | Y60: Und | Z60: Und | AA60: Und | AB60: ml | AC60: ml | AD60: ml | AE60: ml
A61: (1) | B61: (2) | C61: (3) | D61: (4) | E61: (5) | F61: (6) | G61: (7) | H61: (8) | I61: (9) | J61: (10) | K61: (11) | L61: (12) | M61: (13) | N61: (14) | O61: (15) | P61: (16) | Q61: (17) | R61: (18) | S61: (19) | T61: (20) | U61: (21) | V61: (22) | W61: (23) | X61: (24) | Y61: (25) | Z61: (26) | AA61: (27) | AB61: (28) | AC61: (29) | AD61: (30) | AE61: (31)
A62: 29 | B62: RSB | C62: 1.72 | D62: 0 | E62: 0 | F62: 46 | G62: 2 | H62: 0 | I62: 0 | J62: 0 | K62: 2 | L62: 0 | M62: 0 | N62: 0 | O62: 4 | P62: 0 | Q62: 0 | R62: 0 | S62: 4 | T62: 0 | U62: 0 | V62: 0 | W62: 0 | X62: 0 | Y62: 0 | Z62: 1 | AA62: 0 | AB62: 0 | AC62: 0 | AD62: 0 | AE62: 0
A64: TOTALES: | D64: =SUM(D62:D63) -> 0 | E64: =SUM(E62:E63) -> 0 | F64: =SUM(F62:F63) -> 46 | G64: =SUM(G62:G63) -> 2 | H64: =SUM(H62:H63) -> 0 | I64: =SUM(I62:I63) -> 0 | J64: =SUM(J62:J63) -> 0 | K64: =SUM(K62:K63) -> 2 | ... AE64: =SUM(AE62:AE63) -> 0
A66: RUTA: 50 | R66: TRAMO:03
D68: SEÑALES SP, SR Y SI | H68: PASAVIAS | L68: SEÑALES TIPO BANDERA | P68: SEÑALES SI 05 Y SI 06 | T68: DELINEADORES DE CURVA | X68: POSTES DE REFERENCIACIÓN | AB68: DEFENSAS METÁLICAS
A69: RUTA | B69: TRAMO | C69: Km. | D69: B | E69: R | F69: M | G69: F | H69: B | I69: R | J69: M | K69: F | L69: B | M69: R | N69: M | O69: F | P69: B | Q69: R | R69: M | S69: F | T69: B | U69: R | V69: M | W69: F | X69: B | Y69: R | Z69: M | AA69: F | AB69: B | AC69: R | AD69: M | AE69: F
D70: Und | E70: Und | F70: Und | G70: Und | H70: Und | I70: Und | J70: Und | K70: Und | L70: Und | M70: Und | N70: Und | O70: Und | P70: Und | Q70: Und | R70: Und | S70: Und | T70: Und | U70: Und | V70: Und | W70: Und | X70: Und | Y70: Und | Z70: Und | AA70: Und | AB70: ml | AC70: ml | AD70: ml | AE70: ml
A71: (1) | B71: (2) | C71: (3) | D71: (4) | E71: (5) | F71: (6) | G71: (7) | H71: (8) | I71: (9) | J71: (10) | K71: (11) | L71: (12) | M71: (13) | N71: (14) | O71: (15) | P71: (16) | Q71: (17) | R71: (18) | S71: (19) | T71: (20) | U71: (21) | V71: (22) | W71: (23) | X71: (24) | Y71: (25) | Z71: (26) | AA71: (27) | AB71: (28) | AC71: (29) | AD71: (30) | AE71: (31)
A72: 50 | B72: 03 | C72: 6.458 | D72: 0 | E72: 115 | F72: 17 | G72: 40 | H72: 0 | I72: 0 | J72: 3 | K72: 2 | L72: 0 | M72: 0 | N72: 2 | O72: 5 | P72: 0 | Q72: 0 | R72: 4 | S72: 4 | T72: 0 | U72: 0 | V72: 0 | W72: 350 | X72: 0 | Y72: 4 | Z72: 2 | AA72: 0 | AB72: 0 | AC72: 0 | AD72: 150 | AE72: 320
A75: TOTALES: | D75: =SUM(D72:D74) -> 0 | E75: =SUM(E72:E74) -> 115 | F75: =SUM(F72:F74) -> 17 | G75: =SUM(G72:G74) -> 40 | H75: =SUM(H72:H74) -> 0 | I75: =SUM(I72:I74) -> 0 | J75: =SUM(J72:J74) -> 3 | K75: =SUM(K72:K74) -> 2 | ... AE75: =SUM(AE72:AE74) -> 320
A78: CONVENCIONES Y DESCRIPCION.
A80: (1): Identificación de la Ruta de acuerdo con la nomenclatura vial vigente.
A81: (2): Identificación del tramo de acuerdo con la nomenclatura vial vigente.
A82: (3): Longitud del tramo en kilómetros.
A83: (4), (8), (12), (16), (20): B= Número de señales instaladas en el tramo que se encuentran en buen estado. Se deben incluir las señales que se encuentren en perfecto estado en cuanto a
A84: legibilidad, reflectividad, pintura de postes y de parales, pintura posterior y cimientos.
A85: (5), (9), (13), (17), (21): R = Número de señales instaladas en el tramo que se encuentran en regular estado. Se deben incluir las señales que se encuentren en regular estado en cuanto a
A86: legibilidad, reflectividad, pintura de postes y de parales, pintura posterior y cimientos, pero que por su nivel de deterioro sean susceptibles de incluir en programas de recuperación y/o mantenimiento.
A87: (6), (10), (14), (18), (22): M = Número de señales instaladas en el tramo que se encuentran en mal estado. Se deben incluir las señales que por su estado de deterioro no brindan ninguna
A88: información al usuario de la vía y que no sean susceptibles de incluir en programas de recuperación y mantenimiento, requiriendo su reposición y remoción.
A89: (7), (11), (15), (19), (23): F = Número de señales faltantes que se requieren y no han sido instaladas (sin incluir las que se encuentran en regular y en mal estado).
A90: (24): B= Número de postes de referenciación que se encuentran en buen estado en cuanto a pintura y a su estructura en concreto.
... A98: (31): Metros lineales de defensas metálica faltantes que se requieren y que no han sido instalados (sin incluir los que se encuentran en regular y en mal estado).
W100: VOLVER A TABLA DE CONTENIDO

Sheet Señalización Horizontal
A1: INSTITUTO NACIONAL DE VIAS
A2: DIRECCION TERRITORIAL: RISARALDA
A3: CUADRO No.16
A4: ESTADO DE LA SEÑALIZACION HORIZONTAL Y SEÑALIZACION HORIZONTAL FALTANTE.
A6: RUTA:25 | J6: TRAMO:07
D8: LINEAS DE DEMARCACIÓN CON PINTURA ACRÍLICA | H8: LINEAS DE DEMARCACIÓN CON RESINAS TERMOPLÁSTICAS | L8: MARCAS VIALES | P8: TACHAS REFLECTIVAS
A10: RUTA | B10: TRAMO | C10: Km. | D10: B | E10: R | F10: M | G10: F | H10: B | I10: R | J10: M | K10: F | L10: B | M10: R | N10: M | O10: F | P10: INST | Q10: F
D11: ml | E11: ml | F11: ml | G11: ml | H11: ml | I11: ml | J11: ml | K11: ml | L11: m2 | M11: m3 | N11: m4 | O11: m5 | P11: und | Q11: und
A12: (1) | B12: (2) | C12: (3) | D12: (4) | E12: (5) | F12: (6) | G12: (7) | H12: (8) | I12: (9) | J12: (10) | K12: (11) | L12: (12) | M12: (13) | N12: (14) | O12: (15) | P12: (16) | Q12: (17)
A13: 25 | B13: 07 | C13: =+'Señalización Vertical'!C12 -> 18.242 | D13: 0 | E13: 0 | F13: 0 | G13: =+C13*4 -> 72.968 | H13: 0 | I13: 0 | J13: 0 | K13: 0 | L13: 0 | M13: 0 | N13: 0 | O13: 500 | P13: 0 | Q13: 3500
A19: TOTALES: | C19: =SUM(C13:C18) -> 18.242 | D19: =SUM(D13:D18) -> 0 | E19: =SUM(E13:E18) -> 0 | F19: =SUM(F13:F18) -> 0 | G19: =SUM(G13:G18) -> 72.968 | H19: =SUM(H13:H18) -> 0 | I19: =SUM(I13:I18) -> 0 | J19: =SUM(J13:J18) -> 0 | ... Q19: =SUM(Q13:Q18) -> 3500
A21: RUTA:25 | J21: TRAMO:RSA
D23: LINEAS DE DEMARCACIÓN CON PINTURA ACRÍLICA | H23: LINEAS DE DEMARCACIÓN CON RESINAS TERMOPLÁSTICAS | L23: MARCAS VIALES | P23: TACHAS REFLECTIVAS
A25: RUTA | B25: TRAMO | C25: Km. | D25: B | E25: R | F25: M | G25: F | H25: B | I25: R | J25: M | K25: F | L25: B | M25: R | N25: M | O25: F | P25: INST | Q25: F
D26: ml | E26: ml | F26: ml | G26: ml | H26: ml | I26: ml | J26: ml | K26: ml | L26: m2 | M26: m3 | N26: m4 | O26: m5 | P26: und | Q26: und
A27: (1) | B27: (2) | C27: (3) | D27: (4) | E27: (5) | F27: (6) | G27: (7) | H27: (8) | I27: (9) | J27: (10) | K27: (11) | L27: (12) | M27: (13) | N27: (14) | O27: (15) | P27: (16) | Q27: (17)
A28: 25 | B28: RSA | C28: 4.437 | D28: 0 | E28: =+C28*4 -> 17.748 | F28: 0 | G28: 0 | H28: 0 | I28: 0 | J28: 0 | K28: 0 | L28: 0 | M28: 0 | N28: 40 | O28: 300 | P28: 0 | Q28: 3200
A34: TOTALES: | C34: =SUM(C28:C33) -> 4.437 | D34: =SUM(D28:D33) -> 0 | E34: =SUM(E28:E33) -> 17.748 | F34: =SUM(F28:F33) -> 0 | G34: =SUM(G28:G33) -> 0 | H34: =SUM(H28:H33) -> 0 | I34: =SUM(I28:I33) -> 0 | J34: =SUM(J28:J33) -> 0 | ... Q34: =SUM(Q28:Q33) -> 3200
A36: RUTA:50 | J36: TRAMO:RS01
D38: LINEAS DE DEMARCACIÓN CON PINTURA ACRÍLICA | H38: LINEAS DE DEMARCACIÓN CON RESINAS TERMOPLÁSTICAS | L38: MARCAS VIALES | P38: TACHAS REFLECTIVAS
A40: RUTA | B40: TRAMO | C40: Km. | D40: B | E40: R | F40: M | G40: F | H40: B | I40: R | J40: M | K40: F | L40: B | M40: R | N40: M | O40: F | P40: INST | Q40: F
D41: ml | E41: ml | F41: ml | G41: ml | H41: ml | I41: ml | J41: ml | K41: ml | L41: m2 | M41: m3 | N41: m4 | O41: m5 | P41: und | Q41: und
A42: (1) | B42: (2) | C42: (3) | D42: (4) | E42: (5) | F42: (6) | G42: (7) | H42: (8) | I42: (9) | J42: (10) | K42: (11) | L42: (12) | M42: (13) | N42: (14) | O42: (15) | P42: (16) | Q42: (17)
A43: 50 | B43: RS01 | C43: =+'SEMAFORO TEC'!$AL$333 -> 19.07 | D43: =4000*4 -> 16000 | E43: 0 | F43: =+((C43*4)*1000)*0.9-D43 -> 52652 | G43: 7628 | H43: 0 | I43: 0 | J43: 0 | K43: 35 | L43: 0 | M43: 0 | N43: 350 | O43: 750 | P43: 3950 | Q43: 7850
A49: TOTALES: | C49: =SUM(C43:C48) -> 19.07 | D49: =SUM(D43:D48) -> 16000 | E49: =SUM(E43:E48) -> 0 | F49: =SUM(F43:F48) -> 52652 | G49: =SUM(G43:G48) -> 7628 | H49: =SUM(H43:H48) -> 0 | I49: =SUM(I43:I48) -> 0 | J49: =SUM(J43:J48) -> 0 | ... Q49: =SUM(Q43:Q48) -> 7850
A51: RUTA:29 | J51: TRAMO:02
D53: LINEAS DE DEMARCACIÓN CON PINTURA ACRÍLICA | H53: LINEAS DE DEMARCACIÓN CON RESINAS TERMOPLÁSTICAS | L53: MARCAS VIALES | P53: TACHAS REFLECTIVAS
A55: RUTA | B55: TRAMO | C55: Km. | D55: B | E55: R | F55: M | G55: F | H55: B | I55: R | J55: M | K55: F | L55: B | M55: R | N55: M | O55: F | P55: INST | Q55: F
D56: ml | E56: ml | F56: ml | G56: ml | H56: ml | I56: ml | J56: ml | K56: ml | L56: m2 | M56: m3 | N56: m4 | O56: m5 | P56: und | Q56: und
A57: (1) | B57: (2) | C57: (3) | D57: (4) | E57: (5) | F57: (6) | G57: (7) | H57: (8) | I57: (9) | J57: (10) | K57: (11) | L57: (12) | M57: (13) | N57: (14) | O57: (15) | P57: (16) | Q57: (17)
A58: 29 | B58: 02 | C58: 5.8 | D58: 0 | E58: 0 | F58: 0 | G58: =+C58*4*1000 -> 23200 | K58: 3200 | L58: 0 | M58: 416 | N58: 265 | O58: 76 | P58: 150 | Q58: 1450
A64: TOTALES: | C64: =SUM(C58:C63) -> 5.8 | D64: =SUM(D58:D63) -> 0 | E64: =SUM(E58:E63) -> 0 | F64: =SUM(F58:F63) -> 0 | G64: =SUM(G58:G63) -> 23200 | H64: =SUM(H58:H63) -> 0 | I64: =SUM(I58:I63) -> 0 | J64: =SUM(J58:J63) -> 0 | ... Q64: =SUM(Q58:Q63) -> 1450
A66: RUTA:29 | J66: TRAMO:RSA
D68: LINEAS DE DEMARCACIÓN CON PINTURA ACRÍLICA | H68: LINEAS DE DEMARCACIÓN CON RESINAS TERMOPLÁSTICAS | L68: MARCAS VIALES | P68: TACHAS REFLECTIVAS
A70: RUTA | B70: TRAMO | C70: Km. | D70: B | E70: R | F70: M | G70: F | H70: B | I70: R | J70: M | K70: F | L70: B | M70: R | N70: M | O70: F | P70: INST | Q70: F
D71: ml | E71: ml | F71: ml | G71: ml | H71: ml | I71: ml | J71: ml | K71: ml | L71: m2 | M71: m3 | N71: m4 | O71: m5 | P71: und | Q71: und
A72: (1) | B72: (2) | C72: (3) | D72: (4) | E72: (5) | F72: (6) | G72: (7) | H72: (8) | I72: (9) | J72: (10) | K72: (11) | L72: (12) | M72: (13) | N72: (14) | O72: (15) | P72: (16) | Q72: (17)
A73: 29 | B73: RSA | C73: 5.7 | D73: 0 | E73: 15390 | F73: 5130 | G73: 1026 | H73: 2367 | I73: 0 | J73: 0 | K73: 0 | L73: 0 | M73: 0 | N73: 193 | O73: 45 | P73: 670 | Q73: 1200
A79: TOTALES: | C79: =SUM(C73:C78) -> 5.7 | D79: =SUM(D73:D78) -> 0 | E79: =SUM(E73:E78) -> 15390 | F79: =SUM(F73:F78) -> 5130 | G79: =SUM(G73:G78) -> 1026 | H79: =SUM(H73:H78) -> 2367 | I79: =SUM(I73:I78) -> 0 | J79: =SUM(J73:J78) -> 0 | ... Q79: =SUM(Q73:Q78) -> 1200
A81: RUTA:29 | J81: TRAMO:RSB
D83: LINEAS DE DEMARCACIÓN CON PINTURA ACRÍLICA | H83: LINEAS DE DEMARCACIÓN CON RESINAS TERMOPLÁSTICAS | L83: MARCAS VIALES | P83: TACHAS REFLECTIVAS
A85: RUTA | B85: TRAMO | C85: Km. | D85: B | E85: R | F85: M | G85: F | H85: B | I85: R | J85: M | K85: F | L85: B | M85: R | N85: M | O85: F | P85: INST | Q85: F
D86: ml | E86: ml | F86: ml | G86: ml | H86: ml | I86: ml | J86: ml | K86: ml | L86: m2 | M86: m3 | N86: m4 | O86: m5 | P86: und | Q86: und
A87: (1) | B87: (2) | C87: (3) | D87: (4) | E87: (5) | F87: (6) | G87: (7) | H87: (8) | I87: (9) | J87: (10) | K87: (11) | L87: (12) | M87: (13) | N87: (14) | O87: (15) | P87: (16) | Q87: (17)
A88: 29 | B88: RSB | C88: 1.72 | D88: 0 | E88: 0 | F88: 6192 | G88: 310 | H88: 0 | I88: 0 | J88: 0 | K88: 0 | L88: 0 | M88: 198 | N88: 114 | O88: 0 | P88: 0 | Q88: 430
A94: TOTALES: | C94: =SUM(C88:C93) -> 1.72 | D94: =SUM(D88:D93) -> 0 | E94: =SUM(E88:E93) -> 0 | F94: =SUM(F88:F93) -> 6192 | G94: =SUM(G88:G93) -> 310 | H94: =SUM(H88:H93) -> 0 | I94: =SUM(I88:I93) -> 0 | J94: =SUM(J88:J93) -> 0 | ... Q94: =SUM(Q88:Q93) -> 430
A96: RUTA:50 | J96: TRAMO:03
D98: LINEAS DE DEMARCACIÓN CON PINTURA ACRÍLICA | H98: LINEAS DE DEMARCACIÓN CON RESINAS TERMOPLÁSTICAS | L98: MARCAS VIALES | P98: TACHAS REFLECTIVAS
A100: RUTA | B100: TRAMO | C100: Km. | D100: B | E100: R | F100: M | G100: F | H100: B | I100: R | J100: M | K100: F | L100: B | M100: R | N100: M | O100: F | P100: INST | Q100: F
D101: ml | E101: ml | F101: ml | G101: ml | H101: ml | I101: ml | J101: ml | K101: ml | L101: m2 | M101: m3 | N101: m4 | O101: m5 | P101: und | Q101: und
A102: (1) | B102: (2) | C102: (3) | D102: (4) | E102: (5) | F102: (6) | G102: (7) | H102: (8) | I102: (9) | J102: (10) | K102: (11) | L102: (12) | M102: (13) | N102: (14) | O102: (15) | P102: (16) | Q102: (17)
A103: 50 | B103: 3 | C103: 6.458 | D103: 0 | E103: 2325 | F103: 20924 | G103: 1162 | H103: 0 | I103: 0 | J103: 8000 | K103: 0 | L103: 1138 | M103: 419 | N103: 346 | O103: 494 | P103: 0 | Q103: 10882
A109: TOTALES: | C109: =SUM(C103:C108) -> 6.458 | D109: =SUM(D103:D108) -> 0 | E109: =SUM(E103:E108) -> 2325 | F109: =SUM(F103:F108) -> 20924 | G109: =SUM(G103:G108) -> 1162 | H109: =SUM(H103:H108) -> 0 | I109: =SUM(I103:I108) -> 0 | J109: =SUM(J103:J108) -> 8000 | ... Q109: =SUM(Q103:Q108) -> 10882
A111: CONVENCIONES Y DESCRIPCION.
A112: (1): Identificación de la Ruta de acuerdo con la nomenclatura vial vigente.
A113: (2): Identificación del tramo de acuerdo con la nomenclatura vial vigente.
A114: (3): Longitud del tramo en kilómetros.
A115: (4), (8): B= ml. de pintura acrílica o termoplástica que se encuentran en buen estado en cuanto a definición de líneas de demarcación y reflectividad
A116: (5), (9): R= Metros lineales pintura acrílica o termoplástica que se encuentran en regular estado por no presentar buena definición
B117: de líneas de demarcación o de reflectividad.
A118: (6), (10): M= Metros lineales de pintura acrílica o termoplástica que se encuentran en mal estado por no brindar ningún tipo de
B119: servicio al usuario ante la falta de definición en la línea de demarcación y en la reflectividad.
A120: (7), (11): F= Metros lineales de pintura acrílica y termoplástica faltante.
A121: (12): B= Metros cuadrados de marcas viales que se encuentran en buen estado en cuanto a definición y reflectividad.
A122: (13): R= Metros cuadrados de marcas viales que se encuentran en regular estado en cuanto a definición y reflectividad.
A123: (14): M= Metros cuadrados de marcas viales que se encuentran en mal estado en cuanto a definición y reflectividad.
A124: (15): F= Metros cuadrados de marcas viales faltantes.
A125: (16): Número de Tachas reflectivas instaladas.
A126: (17): Número de Tachas reflectivas faltantes.
N128: VOLVER A TABLA DE CONTENIDO

Sheet ACCIDENTALIDAD
A1: INSTITUTO NACIONAL DE VIAS
A2: DIRECCION TERRITORIAL RISARALDA
A4: CUADRO No. 17
A6: INFORME DE ACCIDENTALIDAD MES ENERO
A8: INGENIERO(S) RESIDENTE(S): JAEL DEL CARMEN MORIANO CORTES | H8: TRIMESTRE EVALUADO: ENE-FEB-MAR
A10: FECHA | B10: HORA | C10: CARRETERA | D10: CODIGO | E10: PR | F10: HERIDOS | G10: MUERTOS | H10: CLASE DE ACCIDENTE | I10: CAUSAS APARENTES O PROBABLES | J10: TIPO DE VEHICULO
A11: 45688 | B11: 0.48888889 | C11: APIA - LA VIRGINIA | D11: 50RS01 | E11: 32+170 | F11: 1 | G11: 0 | H11: Atropello | I11: Girar bruscamente | J11: Motocicleta
A12: 45688 | B12: 0.48888889 | C12: APIA - LA VIRGINIA | D12: 50RS01 | E12: 32+081 | F12: 1 | G12: 0 | H12: Choque | I12: Choque entre bus y motocicleta | J12: Bus - Motocicleta
A13: 1/01/2025 | B13: 7:25 | C13: PEREIRA - CHINCHINA | D13: 2902 | E13: 3+887 | F13: 1 | G13: 0 | H13: Choque | I13: Embriaguez | J13: Vehiculo
A14: 6/01/2025 | B14: 5:15 | C14: PEREIRA - CHINCHINA | D14: 2902 | E14: 4+760 | F14: 1 | G14: 0 | H14: Choque | I14: Embriaguez | J14: Vehiculo
A15: 15/01/2025 | B15: 4:09 | C15: PEREIRA - CHINCHINA | D15: 2902 | E15: 3+355 | F15: 1 | G15: 0 | H15: Atropello | I15: No determinado | J15: Motocicleta
A16: 23/01/2025 | B16: 7:30 | C16: PEREIRA - CHINCHINA | D16: 2902 | E16: 4+245 | F16: 1 | G16: 0 | H16: Choque | I16: No determinado | J16: Bus - Motocicleta
A17: 25/01/2025 | B17: 3:30 | C17: PEREIRA - CHINCHINA | D17: 2902 | E17: 3+729 | F17: 1 | G17: 0 | H17: Choque | I17: No determinado | J17: Bus - Motocicleta
A28: CLASE DE ACCIDENTE: Choque,volcamiento, salida de la vía, etc.
A29: CAUSA: | C29: Exceso de velocidad, embriaguez, superficie de la vía, hueco, etc.
A30: TIPO DE VEHICULO: | C30: Motocicleta, automóvil, camión, bus, etc.
A33: INFORME DE ACCIDENTALIDAD MES FEBRERO
A36: INGENIERO(S) RESIDENTE(S): JAEL DEL CARMEN MORIANO CORTES | H36: =+H8 -> TRIMESTRE EVALUADO: ENE-FEB-MAR
A38: FECHA | B38: HORA | C38: CARRETERA | D38: CODIGO | E38: PR | F38: HERIDOS | G38: MUERTOS | H38: CLASE DE ACCIDENTE | I38: CAUSAS APARENTES O PROBABLES | J38: TIPO DE VEHICULO
A39: 45691 | B39: 0.93958333 | C39: PEREIRA - CHINCHINA | D39: 2902 | E39: 5+124 | F39: 1 | G39: 0 | H39: Choque | I39: Girar bruscamente | J39: Automovil - Motocicleta
A40: 45695 | B40: 0.80833333 | C40: PEREIRA - CHINCHINA | D40: 2902 | E40: 2+300 | F40: 3 | G40: 0 | H40: Choque | I40: Girar bruscamente | J40: Bus - Automovil
A41: 45699 | B41: 0.55555556 | C41: PEREIRA - CHINCHINA | D41: 2902 | E41: 5+000 | F41: 0 | G41: 1 | H41: Atropello | I41: Distracción | J41: Motocicleta
A42: 45701 | B42: 0.55555556 | C42: PEREIRA - CHINCHINA | D42: 2902 | E42: 4+610 | F42: 1 | G42: 0 | H42: Choque | I42: No mantener distancia | J42: Automovil - Motocicleta
A43: 24/02/2025 | B43: 10:32 | C43: PEREIRA - CHINCHINA | D43: 2902 | E43: 4+650 | F43: 0 | G43: 0 | H43: Choque | I43: No respetar prelación | J43: Motocicleta
A44: 24/02/2025 | B44: 9:03 | C44: PEREIRA - CHINCHINA | D44: 2902 | E44: 3+297 | F44: 1 | G44: 0 | H44: Choque | I44: Semáforo en rojo | J44: Motocicleta
A48: CLASE DE ACCIDENTE: Choque,volcamiento, salida de la vía, etc.
A49: CAUSA: | C49: Exceso de velocidad, embriaguez, superficie de la vía, hueco, etc.
A50: TIPO DE VEHICULO: | C50: Motocicleta, automóvil, camión, bus, etc.
A52: INFORME DE ACCIDENTALIDAD MES MARZO
A55: INGENIERO(S) RESIDENTE(S): JAEL DEL CARMEN MORIANO CORTES | H55: =+H8 -> TRIMESTRE EVALUADO: ENE-FEB-MAR
A57: FECHA | B57: HORA | C57: CARRETERA | D57: CODIGO | E57: PR | F57: HERIDOS | G57: MUERTOS | H57: CLASE DE ACCIDENTE | I57: CAUSAS APARENTES O PROBABLES | J57: TIPO DE VEHICULO
A58: Aín no se cuenta con la documentación ya que esta no ha sido remitida a AMV2 por las secretarias de tránsito, policia de carreteras, bomberos
A69: CLASE DE ACCIDENTE: Choque,volcamiento, salida de la vía, etc.
A70: CAUSA: | C70: Exceso de velocidad, embriaguez, superficie de la vía, hueco, etc.
A71: TIPO DE VEHICULO: | C71: Motocicleta, automóvil, camión, bus, etc.
I72: VOLVER A TABLA DE CONTENIDO

Sheet DEFENSA VIAS
A1: INSTITUTO NACIONAL DE VIAS
A2: DIRECCION TERRITORIAL RISARALDA
A4: CUADRO No. 18
A6: RESUMEN DE ACTIVIDADES PARA EL BUEN USO Y DEFENSA DE LAS VIAS
A8: INGENIERO(S) RESIDENTE(S): JAEL DEL CARMEN MORIANO CORTES | F8: FECHA: ENE-FEB-MAR
A10: VIA: 2507
A11: PERIODO | B11: VALLAS INVENTARIADAS | C11: VALLAS RETIRADAS | D11: AVISOS INVENTARIADOS | E11: AVISOS RETIRADOS | F11: CORRIMIENTO CERCAS (ml) | G11: EMPRADIZACION (M2) | H11: ERRADICACION BASUREROS (No.) | I11: ARBORIZACION
A12: ENE-MAR/2025 | B12: 0 | C12: 0 | D12: 0 | E12: 0 | F12: 0 | G12: 0 | H12: 0 | I12: 0
A15: ACUMULADO | B15: 0 | C15: =SUM(C12:C14) -> 0 | D15: =SUM(D12:D14) -> 0 | E15: =SUM(E12:E14) -> 0 | F15: =SUM(F12:F14) -> 0 | G15: =SUM(G12:G14) -> 0 | H15: =SUM(H12:H14) -> 0 | I15: =SUM(I12:I14) -> 0
A16: NOTAS:
A17: Debe relacionarse todo lo inventariado en cada trimestre del contrato y por cada via a cargo.
A19: VIA: 5003
A20: PERIODO | B20: VALLAS INVENTARIADAS | C20: VALLAS RETIRADAS | D20: AVISOS INVENTARIADOS | E20: AVISOS RETIRADOS | F20: CORRIMIENTO CERCAS (ml) | G20: EMPRADIZACION (M2) | H20: ERRADICACION BASUREROS (No.) | I20: ARBORIZACION
A21: =+A12 -> ENE-MAR/2025 | B21: 0 | C21: 0 | D21: 0 | E21: 0 | F21: 0 | G21: 0 | H21: 0 | I21: 0
A24: ACUMULADO | B24: 0 | C24: =SUM(C21:C23) -> 0 | D24: =SUM(D21:D23) -> 0 | E24: =SUM(E21:E23) -> 0 | F24: =SUM(F21:F23) -> 0 | G24: =SUM(G21:G23) -> 0 | H24: =SUM(H21:H23) -> 0 | I24: =SUM(I21:I23) -> 0
A25: NOTAS:
A26: Debe relacionarse todo lo inventariado en cada trimestre del contrato y por cada via a cargo.
A28: VIA: 25RSA
A29: PERIODO | B29: VALLAS INVENTARIADAS | C29: VALLAS RETIRADAS | D29: AVISOS INVENTARIADOS | E29: AVISOS RETIRADOS | F29: CORRIMIENTO CERCAS (ml) | G29: EMPRADIZACION (M2) | H29: ERRADICACION BASUREROS (No.) | I29: ARBORIZACION
A30: =+A21 -> ENE-MAR/2025 | B30: 0 | C30: 0 | D30: 0 | E30: 0 | F30: 0 | G30: 0 | H30: 0 | I30: 3
A33: ACUMULADO | B33: 0 | C33: =SUM(C30:C32) -> 0 | D33: =SUM(D30:D32) -> 0 | E33: =SUM(E30:E32) -> 0 | F33: =SUM(F30:F32) -> 0 | G33: =SUM(G30:G32) -> 0 | H33: =SUM(H30:H32) -> 0 | I33: =SUM(I30:I32) -> 3
A34: NOTAS:
A35: Debe relacionarse todo lo inventariado en cada trimestre del contrato y por cada via a cargo.
A38: VIA: 50RS01
A39: PERIODO | B39: VALLAS INVENTARIADAS | C39: VALLAS RETIRADAS | D39: AVISOS INVENTARIADOS | E39: AVISOS RETIRADOS | F39: CORRIMIENTO CERCAS (ml) | G39: EMPRADIZACION (M2) | H39: ERRADICACION BASUREROS (No.) | I39: ARBORIZACION
A40: =+A30 -> ENE-MAR/2025 | B40: 0 | C40: 0 | D40: 0 | E40: 0 | F40: 0 | G40: 0 | H40: 1 | I40: 3
A43: ACUMULADO | B43: 0 | C43: =SUM(C40:C42) -> 0 | D43: =SUM(D40:D42) -> 0 | E43: =SUM(E40:E42) -> 0 | F43: =SUM(F40:F42) -> 0 | G43: =SUM(G40:G42) -> 0 | H43: =SUM(H40:H42) -> 1 | I43: =SUM(I40:I42) -> 3
A44: NOTAS:
A45: Debe relacionarse todo lo inventariado en cada trimestre del contrato y por cada via a cargo.
A47: VIA: 2902
A48: PERIODO | B48: VALLAS INVENTARIADAS | C48: VALLAS RETIRADAS | D48: AVISOS INVENTARIADOS | E48: AVISOS RETIRADOS | F48: CORRIMIENTO CERCAS (ml) | G48: EMPRADIZACION (M2) | H48: ERRADICACION BASUREROS (No.) | I48: ARBORIZACION
A49: =+A40 -> ENE-MAR/2025 | B49: 0 | C49: 0 | D49: 0 | E49: 0 | F49: 0 | G49: 0 | H49: 1 | I49: 0
A52: ACUMULADO | B52: 0 | C52: =SUM(C49:C51) -> 0 | D52: =SUM(D49:D51) -> 0 | E52: =SUM(E49:E51) -> 0 | F52: =SUM(F49:F51) -> 0 | G52: =SUM(G49:G51) -> 0 | H52: =SUM(H49:H51) -> 1 | I52: =SUM(I49:I51) -> 0
A53: NOTAS:
A54: Debe relacionarse todo lo inventariado en cada trimestre del contrato y por cada via a cargo.
A56: VIA: 29RSA
A57: PERIODO | B57: VALLAS INVENTARIADAS | C57: VALLAS RETIRADAS | D57: AVISOS INVENTARIADOS | E57: AVISOS RETIRADOS | F57: CORRIMIENTO CERCAS (ml) | G57: EMPRADIZACION (M2) | H57: ERRADICACION BASUREROS (No.) | I57: ARBORIZACION
A58: =+A49 -> ENE-MAR/2025 | B58: 0 | C58: 0 | D58: 0 | E58: 0 | F58: 0 | G58: 0 | H58: 0 | I58: 0
A61: ACUMULADO | B61: 0 | C61: =SUM(C58:C60) -> 0 | D61: =SUM(D58:D60) -> 0 | E61: =SUM(E58:E60) -> 0 | F61: =SUM(F58:F60) -> 0 | G61: =SUM(G58:G60) -> 0 | H61: =SUM(H58:H60) -> 0 | I61: =SUM(I58:I60) -> 0
A62: NOTAS:
A63: Debe relacionarse todo lo inventariado en cada trimestre del contrato y por cada via a cargo.
A65: VIA: 29RSB
A66: PERIODO | B66: VALLAS INVENTARIADAS | C66: VALLAS RETIRADAS | D66: AVISOS INVENTARIADOS | E66: AVISOS RETIRADOS | F66: CORRIMIENTO CERCAS (ml) | G66: EMPRADIZACION (M2) | H66: ERRADICACION BASUREROS (No.) | I66: ARBORIZACION
A67: =+A58 -> ENE-MAR/2025 | B67: 0 | C67: 0 | D67: 0 | E67: 0 | F67: 0 | G67: 0 | H67: 0 | I67: 0
A70: ACUMULADO | B70: 0 | C70: =SUM(C67:C69) -> 0 | D70: =SUM(D67:D69) -> 0 | E70: =SUM(E67:E69) -> 0 | F70: =SUM(F67:F69) -> 0 | G70: =SUM(G67:G69) -> 0 | H70: =SUM(H67:H69) -> 0 | I70: =SUM(I67:I69) -> 0
A71: NOTAS:
A72: Debe relacionarse todo lo inventariado en cada trimestre del contrato y por cada via a cargo.
G73: VOLVER A TABLA DE CONTENIDO

Sheet SEGUIMIENTO
A1: INSTITUTO NACIONAL DE VIAS
A2: ADMINISTRACION VIAL GRUPO 2 TERRITORIAL RISARALDA
A3: CUADRO No. 19
A4: SEGUIMIENTO DE FUNCIONES TECNICAS Y ADMINISTRATIVAS 2024-2026
A6: No. | B6: ACTIVIDAD | C6: 2024 | J6: 2025 | V6: 2026 | AC6: OBSERVACIONES
C7: Jun | D7: Jul | E7: Ago | F7: Sep | G7: Oct | H7: Nov | I7: Dic | J7: Ene | K7: Feb | L7: Mar | M7: Abr | N7: May | O7: Jun | P7: Jul | Q7: Ago | R7: Sep | S7: Oct | T7: Nov | U7: Dic | V7: Ene | W7: Feb | X7: Mar | Y7: Abr | Z7: May | AA7: Jun | AB7: Jul
A8: 1 | B8: Participar activamente en la prevención de riesgos y atención de las emergencias que se presenten en las vías-Elaborar directorio de emergencias | J8: X | K8: X | L8: X
A9: 2 | B9: Alertar oportunamente al INVÍAS sobre la necesidad de diseñar y construir obras especiales para la mitigación de la inestabilidad en sitios críticos | J9: X | K9: X | L9: X
A10: 3 | B10: Informar oportunamente al INVIAS sobre la necesidad de diseñar obras y adelantar acciones en relación con el entorno de la vía, encaminadas a su ornato, a la preservación del medio ambiente y a la contaminación visual | J10: X | K10: X | L10: X
A11: 4 | B11: Planear, organizar, dirigir, coordinar, evaluar y controlar las actividades de los trabajadores de mantenimiento rutinario encargados del mantenimiento rutinario de las carreteras que se le asignen y ejercer su supervisión | J11: X | K11: X | L11: X
A12: 5 | B12: Actualizar los costos de mantenimiento vial (Análisis de Precios Unitarios – APU) y suministrar la información requerida para los sistemas de administración de carreteras que utiliza INVÍAS | J12: X | K12: X | L12: X
A13: 6 | B13: Mantener actualizado el sistema de referenciación vial, con base en la información que le suministre INVÍAS y reponer los postes de referencia que hagan falta en las vías a su cargo y realizar visitas técnicas de auscultación para el diagnóstico del estado general de las obras ejecutadas mediante contratos y que tienen póliza de estabilidad vigente, según relación de contratos y programación que les será entregada por INVIAS | J13: X | K13: X | L13: X
A14: 7 | B14: Inspeccionar los puentes de manera rutinaria, dirigir y verificar su mantenimiento rutinario y periódico | J14: X | K14: X | L14: X
A15: 8 | B15: Capacitar cada mes a los trabajadores de mantenimiento rutinario a su cargo, en los temas relacionados con el mantenimiento rutinario de carreteras, de puentes, aspectos administrativos y de economía solidaria | J15: X | K15: X | L15: X
A16: 9 | B16: Participar en las reuniones de coordinación con la Dirección Territorial, evaluaciones y programas de transferencia de tecnología que INVÍAS programe para los ingenieros de la administración vial, en diferentes sitios del país | J16: X | K16: X | L16: X
A17: 10 | B17: Evaluar con criterio de transitabilidad (visual) el estado de la red vial a su cargo con la metodología suministrada por el INVIAS | J17: X | K17: X | L17: X
A18: 11 | B18: Apoyar la GESTION de la Territorial en los contratos que ejecute el INVÍAS en sectores de carreteras a su cargo | J18: X | K18: X | L18: X
A19: 12 | B19: Establecer las necesidades de las vías y puentes en materia de señalización vertical y horizontal, llevar un inventario de necesidades de señalización | J19: X | K19: X | L19: X
A20: 13 | B20: Recolección, digitación y reporte de la información relacionada con la accidentalidad ocurrida en los tramos de carreteras, así como la realización de estudios y presentación de recomendaciones técnicas encaminadas al mejoramiento de la seguridad vial | J20: X | K20: X | L20: X
A21: 14 | B21: Proporcionar datos para el cálculo del patrimonio de las vías objeto del contrato | AC21: ( ! )
A22: 15 | B22: Velar por el cumplimiento de la reglamentación referente al buen uso y defensa de las vías y gestionar acciones que brinden servicios a los usuarios de las carreteras en coordinación con las Territoriales y las autoridades locales competentes | J22: X | K22: X | L22: X
A23: 16 | B23: Supervisar la elaboración de los conteos manuales de tránsito, revisar la información de campo que se enviará a planta central para su procesamiento y verificar los operativos de control de carga | AC23: ( ! )
A24: 17 | B24: Llevar a efecto la toma de información y/ó ajustes de la vía a su cargo con un equipo de GPS | AC24: ( ! )
A25: 18 | B25: Realizar estimativos sobre la vida residual de los pavimentos de los sectores a su cargo | AC25: ( ! )
A26: 19 | B26: Evaluar con criterio técnico el estado de la red vial semestralmente con la metodología suministrada por el INVIAS | J26: X
A27: 20 | B27: Colaborar en la toma de la georreferenciación desarrollada por el INVIAS para la actualización del mapa digital de la red vial y mantener al día la información del inventario vial, a través del Sistema de Información Geográfico - HERMES - del INVIAS | AC27: ( ! )
A28: 21 | B28: Efectuar estudios tendientes a solucionar problemas de inestabilidad en las vías a su cargo, cuando se lo requiera el INVIAS y su costo se encuentre dentro del presupuesto de su propuesta | AC28: ( ! )
A29: 22 | B29: Participar activamente en la etapa de transición e implementación del Sistema de Información Vial - HERMES, realizando de manera permanente el cargue, actualización, mantenimiento y demás actividades derivadas de la información del inventario vial, eventos de emergencias, accidentalidad y estado de la superficie (criterio técnico), dispuesta a través del Sistema de Información Vial - HERMES, con usuario y contraseña asignado por la administración del Sistema | J29: X | K29: X | L29: X
A30: 23 | B30: Ejecutar obras menores preventivas y de mantenimiento rutinario, con mano de obra de los trabajadores de mantenimiento rutinario, aprobadas por la Dirección Territorial, quien suministrará los recursos necesarios y disponibles | J30: X | K30: X | L30: X
A31: 24 | B31: Recolección, digitación y reporte de la información relacionada con el atropellamiento de fauna (aplicativo SUKUBUN) ocurrida en los tramos de carreteras, así como la realización de estudios preliminares y presentación de recomendaciones técnicas encaminadas al establecimiento de pasos de fauna, de acuerdo con la metodología planteada por el INVIAS | J31: X | K31: X | L31: X
A32: 25 | B32: Realizar las acciones y actividades necesarias para implementar la política de embellecimiento y ornato | J32: X | K32: X | L32: X
A33: 26 | B33: Prestar apoyo al programa de gestión de infraestructura que adelante el INVIAS. En coordinación con la Subdirección Planificación de Infraestructura (SPI) y y la Dirección Territorial, el Administrador Vial deberá apoyar todas las labores que correspondan a los contratos y convenios que ejecute INVIAS, para el desarrollo del programa de gestión de infraestructura en las vías a su cargo, e igualmente apoyará en el levantamiento de la información respectiva de acuerdo a la metodología suministrada por INVIAS | J33: X | K33: X | L33: X
A34: 27 | B34: Apoyar la validación de alertas emitidas por los dispositivos ITS, y reportarlas a los Directores Territoriales correspondientes. | J34: X | K34: X | L34: X
A35: 28 | B35: Supervisar la elaboración de los conteos manuales y/o automatizados (DISPOSITIVOS ITS) de tránsito, revisar la información de campo que se enviará a planta central para su procesamiento y verificar los operativos de control de carga. | J35: X | K35: X | L35: X
A36: 29 | B36: Efectuar los tapahuecos con mano de obra de los trabajadores de mantenimiento rutinario. | J36: X | K36: X | L36: X
A38: ( ! ) | B38: Anticipadamente se informará la fecha de realización de esta actividad.
AC39: VOLVER A TABLA DE CONTENIDO

Sheet FICHA CUANTI AMV
A1: INSTITUTO NACIONAL DE VIAS
A3: CUADRO No. 20
A4: FICHA CUANTITATIVA DE LOS ADMINISTRADORES VIALES
A7: GRUPO | B7: ADMINISTRADOR | C7: CTO No. | D7: Vr. CONTRATO | E7: FECHA | F7: FECHA | G7: KMS A | H7: VEHICULOS | K7: OBSERVACIONES
B8: VIAL | E8: INICIACION | F8: TERMINACION | G8: ATENDER | H8: PLACA | I8: CLASE | J8: MODELO
A9: 2 | B9: CONSORCIO ADMON 143 | C9: 2004 DE 2024 | D9: =+[1]Base!C3 -> 3089425878 | E9: 45482 | F9: 46234 | G9: 65.918 | H9: JRL 101 | I9: CAMIONETA FORD RANGER | J9: 2021
A24: NOTA: Relacionar contrato principal y adicionales. | I24: VOLVER A TABLA DE CONTENIDO

Sheet FICHA CUALI AMV
A1: INSTITUTO NACIONAL DE VIAS
A3: CUADRO No. 21
A4: FICHA CUALITATIVA DE LOS ADMINISTRADORES VIALES
A7: GRUPO | B7: ADMINISTRADOR | C7: NIT Ó | D7: REPRESENTANTE | E7: INGENIERO | F7: INGENIERO | G7: DIRECCION
B8: VIAL | C8: C.C. | D8: LEGAL | E8: RESIDENTE | F8: AUXILIAR | G8: OFICINA
A9: 1
A10: 2 | B10: CONSORCIO ADMON 143 | C10: 52.180.507 | D10: SANDRA LILIANA PEREZ MEDINA | E10: JAEL DEL CARMEN MORIANO CORTES | F10: KELLY JOHANA RAMIREZ CUERVO | G10: CALLE 13 BIS #38-48 BARRIO GUADALUPE
A11: 3
A12: 4
A15: GRUPO | B15: CORREO | C15: TELEFONOS | F15: SECTOR A CARGO | G15: PR i | H15: PR f
B16: ELECTRONICO | C16: RES | D16: OFIC. | E16: CELULAR
A17: 1
A21: 2 | B21: consorcioadmon143@gmail.com | E21: 313 2291972 313 2298290 | F21: Santa Cecilia - Asia | G21: 72+0000 | H21: 78+0550
F22: Apia - La Virginia | G22: 13+0000 | H22: 30+0290
G23: 30+0630 | H23: 32+0443
F25: Paso Nacional Por La Virginia | G25: 0+0000 | H25: 4+0455
F26: Cerritos - Cauya | G26: 37+0180 | H26: 55+0430
F28: Variante Galicia | G28: 0+0000 | H28: 1+0710
F29: Puente Mosquera - Cruce Avenida del Ferrocarril | G29: 0+0000 | H29: 5+0800
F30: Solución Vial Pereira - Dosquebradas | G30: 0+0000 | H30: 5+0700
A32: 3
A33: 4
F35: VOLVER A TABLA DE CONTENIDO

Sheet FICHA CUANTI MR
A1: INSTITUTO NACIONAL DE VIAS
A3: CUADRO No. 22
A4: FICHA CUANTITATIVA CONTRATISTA SERVICIO DE MANTENIMIENTO RUTINARIO
A6: DIRECCION TERRITORIAL: CALLE 19#82 a 8-106 Pereira - Risaralda
A8: GRUPO | B8: NOMBRE | C8: TIPO DE TERRENO | G8: TOTAL | H8: VALOR | I8: VALOR TOTAL | J8: No. | K8: No. CTO | L8: VIGENCIA CONTRATO
B9: CONTRATISTA MR | C9: I | D9: II | E9: III | F9: IV | G9: (KMS) | H9: CONTRATO | I9: CONTRATOS | J9: SOCIOS | K9: Ppal y adic | L9: INICIO | M9: TERMINACION
A10: 2 | B10: COOPERATIVA ASOCIADA EL CENTRO | C10: X | G10: =19.07+4.437 -> 23.507 | H10: 963182302 | I10: =SUM(H10:H12) -> 2915564672 | J10: 8 | K10: 1453-2024 | L10: 45440 | M10: 46234
B11: COOPERATIVA ASOCIADA ALTAGRACIA | C11: X | G11: =1.72+5.7+5.8 -> 13.22 | H11: 884062897 | J11: 7 | K11: 1455-2024 | L11: 45440 | M11: 46234
B12: COOPERATIV ASOCIADA COMUNEROS | C12: X | G12: =5.8+18.242+6.458 -> 30.5 | H12: 1068319473 | J12: 11 | K12: 3814-2024 | L12: 45569 | M12: 46326
B26: TOTALES | C26: =SUM(C10:C25) -> 0 | D26: =SUM(D10:D25) -> 0 | E26: =SUM(E10:E25) -> 0 | F26: =SUM(F10:F25) -> 0 | G26: =SUM(G10:G25) -> 67.227 | H26: =SUM(H10:H12) -> 2915564672 | I26: =SUM(I10:I25) -> 2915564672 | J26: =SUM(J10:J25) -> 26
J28: VOLVER A TABLA DE CONTENIDO

Sheet FICHA CUALI MR
A1: INSTITUTO NACIONAL DE VIAS
A3: CUADRO No. 23
A4: FICHA CUALITATIVA CONTRATISTA SERVICIO DE MANTENIMIENTO RUTINARIO
A6: =+'FICHA CUANTI MR'!A6 -> DIRECCION TERRITORIAL: CALLE 19#82 a 8-106 Pereira - Risaralda
A9: GRUPO | B9: NOMBRE | C9: REPRESENTANTE | D9: NIT ó | E9: DIRECCION | F9: TELEFONO | G9: CODIGO | H9: SECTOR | I9: ABSCISA | K9: ADMINISTRADOR
B10: CONTRATISTA MR | C10: LEGAL | D10: C.C. | F10: y/ó CELULAR | G10: DE LA VIA | I10: PR I | J10: PR F | K10: VIAL
A11: 2 | B11: =+'FICHA CUANTI MR'!B10 -> COOPERATIVA ASOCIADA EL CENTRO | C11: ANCIZAR DE JESUS HERNANDEZ | D11: 816004084-7 | E11: MANZANA 10 CASA 111 NARANJITO | F11: 3105447323 | G11: 50RS01 | H11: APIA - LA VIRGINIA | I11: 13+0000 | J11: 30+0290 | K11: CONSORCIO ADMON 143
I12: 30+0630 | J12: 32+0443
I13: 31+0690 | J13: 32+0443
G14: 25RSA | H14: PASO NACIONAL POR LA VIRGINIA | I14: 0+0000 | J14: 4+0455
I15: 01+0430 | J15: 02+0037
G16: 2507 | H16: CERRITOS - LA VIRGINIA | I16: 0+0300 | J16: 10+0545
B17: COOPERATIVA ASOCIADA ALTAGRACIA | C17: LUIS FERNANDO CARDONA CASTRILLON | D17: 816002975-5 | E17: MANZANA 5 CASA 15 BARRIO LOS INDEPENDIENTES | F17: 3113157707 | G17: 29RSB | H17: VARIANTE DE GALICIA | I17: 00+0000 | J17: 01+0710
G18: 29RSB
G19: 2902 | H19: PUENTE MOSQUERA - CRUCE AV FERROCARRIL | I19: 00+0000 | J19: 05+0800
I20: 00+0980 | J20: 05+0800
G21: 29RSA | H21: SOLUCIÓN VIAL PEREIRA DOSQUEBRADAS | I21: 0+0000 | J21: 12+0000
B23: COOPERATIVA ASOCIADA COMUNEROS | C23: NELSON DE JESUS RAMIREZ | D23: 800,017,418-1 | E23: CORREGIMIENTO SAN CLEMENTE CALLE 5 N°2-43 | F23: 314 7593460 | G23: 2507 | H23: CERRITOS - CAUYA | I23: 37+0180 | J23: 55+0430
G24: 29RSB
G25: 5003 | H25: SANTA CECILIA - ASIA | I25: 72+0000 | J25: 78+550
I29: VOLVER A TABLA DE CONTENIDO

Sheet APOYO SUPERVISIÓN CONTRATOS
B1: INSTITUTO NACIONAL DE VIAS
B2: DIRECCION TERRITORIAL RISARLDA
B4: CUADRO No. 24
A6: INFORMACIÓN DE APOYO A LA SUPERVISIÓN A CONTRATOS DE OBRA
A8: INGENIERO(S) RESIDENTE(S): JAEL DEL CARMEN MORIANO CORTES | H8: TRIMESTRE EVALUADO: | J8: ENE-FEB-MAR
A11: No. CONTRATO PRINCIPAL | B11: OBJETO | C11: CONTRATISTA | D11: PLAZO | G11: FECHA INICIO | H11: FECHA FINALIZACIÓN | I11: VALOR CONTRATO $ | L11: OBSERVACIONES
D12: INICIAL | E12: ADICIONAL | F12: FINAL | I12: BASICO | J12: IVA | K12: TOTAL
A13: 2415 de 2024 | B13: “Atención de sitios críticos, atención de emergencias, mantenimiento y rehabilitación de la carretera transversal central del pacífico (Quibdó-Pereira), localizado en los departamentos de Choco y Risaralda”. | C13: Consorcio Santa Lorena RL Carlos Ignacio Cadavid Mejía | D13: 45657 | F13: 45657 | G13: 45512 | H13: 45657 | I13: 15023050629 | J13: 109783832 | K13: 17057297566 | L13: El presente contrato ha realizado el apoyo a emergencias en la ruta 50RS01, PR 13+350
A14: 4161 de 2023 | B14: “Mantenimiento De Las Vías Del Eje Cafetero: Apia- Viterbo-Asia, Ruta 5003; Remolinos-Cauyá, Ruta 2507; Cauyá- La Felisa, Ruta 2508, En Los Departamentos De Caldas Y Risaralda, Incluye Puentes” | C14: ENDD CONSTRUCCIONES SAS Andrés Ricardo Garavito Fernández Director de obra. | D14: 45596 | F14: 45596 | G14: 45638 | H14: 45596 | I14: 9296275921 | J14: 67934324 | K14: 9640165351 | L14: El presente contrato atendio las emergencias de deslizamiento y retiro de masa de la ruta 2507
A21: NOTA: Reportar la información de los contratos de obra a los cuales presta apoyo a la Dirección Territorial en la supervisión de contratos de obra.
J23: VOLVER A TABLA DE CONTENIDO

Sheet RESEÑA 1-FOTOGRÁFICA
A1: INSTITUTO NACIONAL DE VIAS
A3: DIRECCION TERRITORIAL RISARALDA
A7: RESEÑA 1 - FOTOGRAFICA
A9: INGENIERO(s) RESIDENTE(s): JAEL DEL CARMEN MORIANO CORTES
A11: TRIMESTRE EVALUADO: ENE-FEB-MAR
A14: COOPERATIVA ALTAGRACIA
A15: Rocería | D15: Limpieza Bermas
A42: ROCERIA 29RSA | D42: Roceria 29RSA
A71: Rocería 29RSA | D71: SEÑALIZACION
A101: JORNADA DE TAPAHUECOS
A122: RUTA 2902 - PR4+500
A143: RUTA 2902 - PR1+010
A165: RUTA 2902 - PR1+800
A185: RUTA 2902 - PR1+450
A205: RUTA 2902 - PR4+000
A227: RUTA 2902 - PR4+570
A268: RUTA 2902 - PR5+120
A272: NOTA: Todas las fotografías deben estar identificadas arriba o abajo, indicando la vía, el sector, el PR, la fecha impresa con el fechador de la cámara y la descripción de lo que se quiere resaltar.
A274: CUANDO SE REALICEN PARCHEOS SE TOMARAN FOTOS DEL ANTES Y DEL DESPUES
D276: VOLVER A TABLA DE CONTENIDO

Sheet RESEÑA 1-FOTOGRÁFICA 2
A1: INSTITUTO NACIONAL DE VIAS
A3: DIRECCION TERRITORIAL RISARALDA
A7: RESEÑA 1 - FOTOGRAFICA
A9: INGENIERO(s) RESIDENTE(s): JAEL DEL CARMEN MORIANO CORTES
A11: TRIMESTRE EVALUADO: ENE-FEB-MAR
A14: COOPERATIVA CENTRO
A16: LIMPIEZA DE BERMA | D16: ROCERIA MECANICA CTVA CENTRO
A40: SEÑALIZACION PUNTOS CRITICOS | D40: LIMPIEZA SEÑALES
A62: LIMPIEZA DE PUENTES | D62: LIMPIEZA MUROS DE CONTENCION
A89: ATENCION DE EMERGENCIAS 50RS01
A110: JORNADA TAPAHUECOS
A128: RUTA 50RS01 -PR 21+150
A149: RUTA 50RS01 -PR 22+300
A170: RUTA 50RS01 -PR 24+160
A188: RUTA 50RS01 -PR 28+710
A206: RUTA 50RS01 -PR 29+100
A209: NOTA: Todas las fotografías deben estar identificadas arriba o abajo, indicando la vía, el sector, el PR, la fecha impresa con el fechador de la cámara y la descripción de lo que se quiere resaltar.
A211: CUANDO SE REALICEN PARCHEOS SE TOMARAN FOTOS DEL ANTES Y DEL DESPUES
D213: VOLVER A TABLA DE CONTENIDO

Sheet RESEÑA 1-FOTOGRÁFICA 3
A1: INSTITUTO NACIONAL DE VIAS
A3: DIRECCION TERRITORIAL RISARALDA
A7: RESEÑA 1 - FOTOGRAFICA
A9: INGENIERO(s) RESIDENTE(s): JAEL DEL CARMEN MORIANO CORTES
A11: TRIMESTRE EVALUADO: ENE+FEB+MAR
A14: COOPERATIVA COMUNEROS
A16: LIMPIEZA MURO EN CONCRETO | D16: CORTE DE ARBOL PRINCIPIO DE PRECAUCION
A41: CONFORMACION CUNETAS 5003 | D41: LIMPIEZA DE CUNETAS 5003
A66: CONFORMACION DE CUNETAS | D66: LIMPIEZA CUNETA 2507
A90: LIMPIEZA MUROS DE CONTENCION | D90: REFORZAMIENTO CON GUDUA PARALES PUENTE PEATONAL
A113: JORNADA TAPAHUECOS
A132: RUTA 2507 - PR47+600
A153: RUTA 2507 - PR47+900
A178: RUTA 2507 - PR47+150
A182: NOTA: Todas las fotografías deben estar identificadas arriba o abajo, indicando la vía, el sector, el PR, la fecha impresa con el fechador de la cámara y la descripción de lo que se quiere resaltar.
A184: CUANDO SE REALICEN PARCHEOS SE TOMARAN FOTOS DEL ANTES Y DEL DESPUES
D186: VOLVER A TABLA DE CONTENIDO

Sheet RESEÑA 1-FOTOGRÁFICA 4
A1: INSTITUTO NACIONAL DE VIAS
A3: DIRECCION TERRITORIAL RISARALDA
A7: RESEÑA 1 - FOTOGRAFICA
A9: INGENIERO(s) RESIDENTE(s): JAEL DEL CARMEN MORIANO CORTES
A11: TRIMESTRE EVALUADO: ENE-FEB-MAR
A15: VISITA SUPERVISOR | D15: VISITA GOBERNACION RISARALDA
A45: REVISION PUENTES CON EL INGENIO RISARALDA | D45: REUNION AMV
A75: VISITA SUPERVISOR CTO 3821 | D75: REUNION AMV
A104: REUNION EMPRESA SERVICIOS PUBLICOS LA VIRGINIA | D104: PARTICIPACION CONCEJO DOSQUEBRADAS
A134: PARTICIPACION CONCEJO VITERBO | D134: INSPECCION PUENTES CON ESP. ESTRUCTURAL AMV2
A164: MESA DE TRABAJO SECRETARIA DE DESARROLLO DOSQUEBRADAS | D164: INSPECCION PUENTES CON ESP. ESTRUCTURAL AMV2
A193: REUNION AMV | D193: INSPECCION PUENTES CON ESP. ESTRUCTURAL AMV2
A223: MESA D ETRABAJO ESP ESTRUCTURAL AMV2 CON DT RISARALDA | D223: VERIFICACION DE USO CON POLICIA DEL AGUA
A253: REUNION SERVICIOS PUBLICOS EMPOCALDAS - VITERBO | D253: VISITA SUPERVISOR
A285: INSPECCION VCGT | D285: MESA DE TRABAJO SECRETARIA DE TRANSITO DOSQUEBRADAS
A319: NOTA: Todas las fotografías deben estar identificadas arriba o abajo, indicando la vía, el sector, el PR, la fecha impresa con el fechador de la cámara y la descripción de lo que se quiere resaltar.
A321: CUANDO SE REALICEN PARCHEOS SE TOMARAN FOTOS DEL ANTES Y DEL DESPUES
D323: VOLVER A TABLA DE CONTENIDO

Sheet RESEÑA 2-PRENSA
A1: INSTITUTO NACIONAL DE VIAS
A3: DIRECCION TERRITORIAL RISARALDA
A7: RESEÑA 2 - DE PRENSA
A9: INGENIERO RESIDENTE: JAEL DEL CARMEN MORIANO CORTES
A11: TRIMESTRE EVALUADO: ENE-FEB-MAR
A93: NOTA: Todos los artículos deben estar identificados, idicando la fecha de la publicación y medio periodístico
A94: RELACIONAR SOLO AQUELLOS ARTICULOS QUE TRATEN DE LAS CARRETERAS A SU CARGO
D96: VOLVER A TABLA DE CONTENIDO

Sheet COMENTARIOS
A1: INSTITUTO NACIONAL DE VIAS
A3: DIRECCION TERRITORIAL RISARALDA
A5: COMENTARIOS GENERALES
A7: INGENIERO(S) RESIDENTE(S): JAEL DEL CARMEN MORIANO CORTES
A10: TRIMESTRE EVALUADO: ENE-FEB-MAR
A14: - Se realizó jornada de tapa huecos en las rutas 2507, 50RS01, 2902, 5003, 25RSA, con el objetivo de brindar seguridad vial a nuestros usuarios '- La ruta 50RS01 PR13+350, presenta movimiento de reptación, material suelto inestable con precipitaciones altas, se ha atendido las emergencias con la cooperativa Centri y cto 2415 '- Por medio de la encuesta SUKUBUN, se continuó con el reporte de los casos de animales víctimas fatales en las vías a cargo. '- Se realiza la entrega de informe de accidentalidad en las vias a cargo, con la información remitida por parte de las secretarías de transito, transporte de los municipios de las vías a cargo y bomberos. En el mes de Enero por contratación de Municipios los IPAt, fueron remitidos en el mes de marzo de 2025, '- Se continuó oficiando a las respectivas alcaldias con copia a Territorial oportunamente las obras e invasiones que se realizan sobre las fajas viales a cargo, ruta 50RS01 y 2507 '- Se realizan recorridos constantes por las vías a cargo y se inspecciona que las obras en ejecución en nuestra jurisdicción cuenten con los permisos y se desarrollen sin ocasionar peligro para nuestros usuarios viales. OBSERVACIONES RUTAS A CARGO CARRETERA APIA - LA VIRGINIA (50RS01) '- Se realiza la atención a los derrumbes de la ruta 50RS01 en el periodo del trimestre, por medio de la coopertiva Centro y cto 2415. - Se realiza jornada de tapahuecos con la cooperativa Centro. - Se realiza poda y tala de árboles por principio de precacución ya que los mismos generan riesgo sobre nuestros usuarios de la vía CARRETERA PASO NACIONAL POR LA VIRGINIA (25RSA) - Se realiza las actividades de mantenimiento rutinario y jornada de tapahuecos, con asfalto en frio. - Se realiza poda y tala de árboles por principio de precacución ya que los mismos generan riesgo sobre nuestros usuarios de la vía CARRETERA VARIANTE DE GALICIA (29RSB) '-Se mantienen las condiciones de transitabilidad por medio de labores de mantenimiento rutinario, sin embargo el alto estado de fatiga de la carpeta asfáltica amerita su rehabilitación a mayor prontitud, debe tenerse en cuenta el volumen de tráfico y la consideración de paso urbano que registra esta vía - Se inicia en el PR 1+710 intervencion del intercabiador de Galicia acargo de VIAS DEL SAMAN CARRETERA PUENTE MOSQUERA - CRUCE AVENIDA DEL FERROCARRIL (2902) '- Por medio de la cooperativa Altagracia, se realizaron actividades de tapahuecos con material de asfalto en frio, viene ejecutandose el contrato de rehabilitacion de la ruta 2902. - En apoyo con secretaria de tránsito se instala hitos y topes. '- CARRETERA SOLUCIÓN VIAL PEREIRA - DOSQUEBRADAS (29RSA) - Se realizaron actividades de tapahuecos con material de asfalto en frio en los sitios que representan un mayor riesgo de accidentalidad para los usuarios, en particular puente Nicole. CARRETERA SANTA CECILIA - ASIA (5003) - Se continúa labores de mantenimiento rutinario y conformación de cunetas en el sector con afirmado. - Se realiza limpieza de señales y realce manual - Se realiza supervisión del contrato 4161, que se desarrolla en los corredores viales a cargo (5003 y 2507), CARRETERA CERRITOS -CAUYA (2507) '- Se realiza actividades de Roceria, despeje de señales, limpieza de bermas, cunetas, alcantarillas, muros de contención y gaviones '- Las emergencias presentadas son atendidas por los microempresarios, acorde a sus capacidades segun anexo técnico,
F65: VOLVER A TABLA DE CONTENIDO

Sheet CAPACITACION S.T.M. RUTINARIO 1
A1: INSTITUTO NACIONAL DE VIAS
A3: DIRECCION TERRITORIAL RISARALDA
A5: CAPACITACION TRABAJADORES DE SERVICIO DE MANTENIMIENTO RUTINARIO
A7: INGENIERO(S) RESIDENTE(S): JAEL DEL CARMEN MORIANO CORTES
A11: TEMA: Código nacional de transito
A13: JAEL DEL CARMEN MORIANO CORTES, Ingeniero Residente en representación del CONSORCIO ADMON 143 y Priscila Colina Gámez como expositor y los señores, ANCIZAR DE JESUS HERNNADEZ Representante Legal de la C.T.A. El Centro, LUIS FERNANDO CARDONA CASTRILLON, Representante Legal de la C.T.A. Altagracia, el señor Jesus Hernandez, representante cooperativa Comuneros, quienes asistieron en compañia de los socios,
A17: INVITACION
A38: Desarrollo del tema:Importancia del cumplimiento normativo, respeto a señales de tránsito y cumplimiento de ellas, prevención de accidentes y derechos de peatones. Algunas normas que se deben tener en cuenta son: Normas y regulaciones viales: Derechos y deberes de conductores, peatones y pasajeros. Señalización y reglas de tránsito: Interpretación y aplicación de señales de tránsito. Seguridad vial: Prácticas para prevenir accidentes y proteger vidas. Sanciones y consecuencias: Multas y penalizaciones por infracciones. Responsabilidad del conductor: Manejo defensivo y conducta adecuada en la vía.
A42: REGISTRO FOTOGRAFICO
A71: LISTA DE ASISTENCIA
F165: VOLVER A TABLA DE CONTENIDO

Sheet CAPACITACION S.T.M. RUTINAR 2
A1: INSTITUTO NACIONAL DE VIAS
A3: DIRECCION TERRITORIAL RISARALDA
A5: CAPACITACION TRABAJADORES DE SERVICIO DE MANTENIMIENTO RUTINARIO
A7: INGENIERO(S) RESIDENTE(S): JAEL DEL CARMEN MORIANO CORTES
A10: TRIMESTRE EVALUADO: ENE-FEB-MAR
A11: TEMA:Primeros auxilios, seguridad industrial, reportes de accidente de trabajo, gestión ante ARL
A13: JAEL DEL CARMEN MORIANO CORTES, Ingeniero Residente en representación del CONSORCIO ADMON 143 y HEIDY jOHANA mENDEZ como expositor y los señores, ANCIZAR DE JESUS HERNNADEZ Representante Legal de la C.T.A. El Centro, LUIS FERNANDO CARDONA CASTRILLON, Representante Legal de la C.T.A. Altagracia, el señor Jesus Hernandez, representante cooperativa Comuneros, quienes asistieron en compañia de los socios,
A17: INVITACION
A45: Desarrollo del tema: Como lección aprendida y objetivos de esta capacitación en primeros auxilios es dar a conocer el conjunto de acciones inmediatas que se realizan y se llevan a cabo para atender a una persona enferma o lesionada en su lugar de trabajo antes de la llegada del personal médico. Su objetivo es preservar la vida, evitar el agravamiento de la lesión y facilitar la recuperación. Conocer y aplicar primeros auxilios de manera correcta puede marcar la diferencia en una emergencia, permitiendo actuar con calma y eficacia ante situaciones como hemorragias, fracturas, quemaduras, asfixia o paros cardiorrespiratorios.
A48: REGISTRO FOTOGRAFICO
A76: LISTA DE ASISTENCIA
F157: VOLVER A TABLA DE CONTENIDO

Sheet CAPACITACION S.T.M. RUTINAR 3
A1: INSTITUTO NACIONAL DE VIAS
A3: DIRECCION TERRITORIAL RISARALDA
A5: CAPACITACION TRABAJADORES DE SERVICIO DE MANTENIMIENTO RUTINARIO
A7: INGENIERO(S) RESIDENTE(S): JAEL DEL CARMEN MORIANO CORTES
A10: TRIMESTRE EVALUADO: ENE-FEB-MAR
A11: TEMA: Seguridad social y pensional
A13: JAEL DEL CARMEN MORIANO CORTES, Ingeniero Residente en representación del CONSORCIO ADMON 143 y JORGE ANDRES HOLGUIN como expositor y los señores, ANCIZAR DE JESUS HERNNADEZ Representante Legal de la C.T.A. El Centro, LUIS FERNANDO CARDONA CASTRILLON, Representante Legal de la C.T.A. Altagracia, el señor Jesus Hernandez, representante cooperativa Comuneros, quienes asistieron en compañia de los socios,
A18: INVITACION
A49: LECCION APRENDIDA
A51: En conclusión, la capacitación en seguridad social y pensiones resalta la importancia de la cotización continua para garantizar una vejez digna y protegida. Comprender los diferentes regímenes de pensión, sus requisitos y beneficios permite tomar decisiones informadas sobre el futuro financiero. La falta de aportes puede generar riesgos como la imposibilidad de acceder a una pensión o beneficios de salud en la vejez, por lo que es fundamental planificar con anticipación. Además, las empresas tienen la responsabilidad de cumplir con sus obligaciones en materia de seguridad social, y los trabajadores deben estar atentos a sus cotizaciones y derechos. La educación en este tema es clave para promover la estabilidad económica y el bienestar social a largo plazo.
A59: REGISTRO FOTOGRAFICO
A85: LISTA DE ASISTENCIA
F170: VOLVER A TABLA DE CONTENIDO
